 Dungeon Crawl Stone Soup version 0.22-a0-280-g69bf1f3 (webtiles) character file.

1728351 mhoghedin the Victor of a Thousand Battles (level 27, 219/219 HPs)
             Began as a Gnoll Wanderer on Mar 10, 2018.
             Was the Champion of Okawaru.
             Escaped with the Orb
             ... and 3 runes on Mar 16, 2018!
             The game lasted 04:30:26 (69155 turns).

mhoghedin the Victor of a Thousand Battles (GnWn)  Turns: 69155, Time: 04:30:27

Health: 219/219    AC: 34    Str: 25    XL:     27
Magic:  45/45      EV: 17    Int: 23    God:    Okawaru [******]
Gold:   6306       SH: 23    Dex: 23    Spells: 2/62 levels left

rFire    + . .     SeeInvis .   M - +8 trishula (holy)
rCold    . . .     Gourm    .   U - +0 large shield {rC+}
rNeg     . . .     Faith    .   Q - +5 crystal plate armour
rPois    +         Spirit   +   (helmet restricted)
rElec    .         Reflect  .   Z - +0 cloak {rPois}
rCorr    .         Harm     .   y - +0 pair of fencer's gloves {+Riposte Dex+3}
MR       ++++.                  V - +1 pair of boots {Stlth+}
Stlth    +.........             v - amulet of guardian spirit {Spirit}
HPRegen  0.46/turn              Y - ring "Vokob" {Fire Int+6 Slay+3}
MPRegen  0.29/turn              w - ring "Kixzegoy" {MR++ Str+3 Int+2 Dex+2}

@: deflect missiles
A: distributed training, fangs 1, horns 1, talons 1, icy blue scales 1,
iridescent scales 1, clumsy 1, deformed body, deterioration 1, wild magic 1,
MP-powered wands, strong nose
0: Orb of Zot
}: 3/15 runes: serpentine, barnacled, silver
a: Heroism, Finesse, Renounce Religion


You escaped.
You worshipped Okawaru.
Okawaru was exalted by your worship.
You were full.

You visited 8 branches of the dungeon, and saw 45 of its levels.
You visited 2 bazaars.
You also visited: Sewer, Ossuary, Ice Cave and Volcano.

You collected 9553 gold pieces.
You spent 3247 gold pieces at shops.

Inventory:

Hand Weapons
 a - the +5 morningstar of Kuefuricel {crush, Str+6 Dex+2}
   (You took it off a tengu reaver on level 3 of the Vaults)

   It inflicts extra damage upon your enemies.
   It affects your strength (+6).
   It affects your dexterity (+2).
 b - the +9 staff of Olgreb {rPois}
   (You found it on level 6 of the Dungeon)

   It protects you from poison.
 M - a +8 trishula of holy wrath (weapon)
   (You took it off Mennas on level 4 of the Vaults)
Missiles
 n - 8 curare-tipped needles
 o - a silver tomahawk
 H - 12 tomahawks of dispersal {=f}
 I - 8 throwing nets {=f, !d}
 S - 8 javelins of penetration
 T - 5 javelins of returning (quivered)
Armour
 y - the +0 pair of fencer's gloves (worn) {+Riposte Dex+3}
   (You found it on level 8 of the Dungeon)

   It affects your dexterity (+3).
 Q - a +5 crystal plate armour (worn)
   (You took it off Donald on level 3 of the Vaults)
 U - a +0 large shield of cold resistance (worn)
   (You bought it in a shop on level 4 of the Vaults)
 V - a +1 pair of boots of stealth (worn)
   (You found it on level 4 of the Lair of Beasts)
 X - a +2 helmet of see invisible
   (Okawaru gifted it to you on level 6 of the Lair of Beasts)
 Z - a +0 cloak of poison resistance (worn)
   (Okawaru gifted it to you on level 4 of the Vaults)
Jewellery
 j - an uncursed ring of protection from cold {rC+, !d}
   (You found it on level 1 of the Dungeon)
 v - an amulet of guardian spirit (around neck) {Spirit}
   (You found it on level 4 of the Dungeon)
 w - the ring "Kixzegoy" (right hand) {MR++ Str+3 Int+2 Dex+2}
   (You bought it in a shop on level 2 of the Snake Pit)

   [ring of strength]

   It affects your strength (+3).
   It affects your intelligence (+2).
   It affects your dexterity (+2).
   It affects your resistance to hostile enchantments.
 z - the ring "Loanibeim" {MR+ Str+3 Slay+2}
   (You found it on level 1 of the Vaults)

   [ring of strength]

   It affects your strength (+3).
   It affects your accuracy and damage with ranged weapons and melee attacks
   (+2).
   It affects your resistance to hostile enchantments.
 Y - the ring "Vokob" (left hand) {Fire Int+6 Slay+3}
   (You took it off an orc warrior on level 3 of the Vaults)

   [ring of fire]

   It enhances your fire magic.
   It affects your intelligence (+6).
   It affects your accuracy and damage with ranged weapons and melee attacks
   (+3).
   It protects you from fire.
   It makes you vulnerable to cold.
Wands
 c - a wand of digging (42)
   (You found it on level 7 of the Dungeon)
 A - a wand of paralysis (15)
   (You found it on level 1 of the Realm of Zot)
 N - a wand of iceblast (3)
   (You found it on level 3 of the Lair of Beasts)
Scrolls
 d - 11 scrolls of teleportation
 g - 2 scrolls of silence
 h - 6 scrolls of fog
 k - 18 scrolls of remove curse
 l - 9 scrolls of amnesia
 p - 3 scrolls of blinking {!r}
 q - 2 scrolls of fear
 E - a scroll of enchant armour
 L - a scroll of summoning
 P - 6 scrolls of identify
Potions
 e - 2 potions of magic
 i - 3 potions of haste
 m - 7 potions of brilliance
 r - 11 potions of flight
 t - 3 potions of might
 u - 19 potions of curing
 x - a potion of agility
 C - a potion of mutation {!q}
 G - 2 potions of heal wounds
 R - 6 potions of berserk rage {!q}
Miscellaneous
 s - a phial of floods
   (You found it on level 3 of the Vaults)
 B - 2 phantom mirrors
 D - a fan of gales
   (You found it on level 3 of the Vaults)
 O - a lamp of fire
   (You found it on level 11 of the Dungeon)
Comestibles
 f - 10 rations


   Skills:
 + Level 18.7 Fighting
 + Level 18.5 Short Blades
 + Level 18.3 Long Blades
 + Level 18.3 Axes
 + Level 18.3 Maces & Flails
 + Level 18.3 Polearms
 + Level 18.3 Staves
 + Level 18.3 Slings
 + Level 18.5 Bows
 + Level 18.3 Crossbows
 + Level 18.3 Throwing
 + Level 19.1 Armour
 + Level 18.5 Dodging
 + Level 18.4 Stealth
 + Level 18.3 Shields
 + Level 18.3 Unarmed Combat
 + Level 18.3 Spellcasting
 + Level 15.8 Conjurations
 + Level 15.8 Hexes
 + Level 15.8 Charms
 + Level 15.8 Summonings
 + Level 15.8 Necromancy
 + Level 15.8 Translocations
 + Level 15.8 Transmutations
 + Level 15.8 Fire Magic
 + Level 15.8 Ice Magic
 + Level 15.8 Air Magic
 + Level 15.8 Earth Magic
 + Level 15.8 Poison Magic
 + Level 19.7 Invocations
 + Level 18.5 Evocations


You had 2 spell levels left.
You knew the following spells:

 Your Spells              Type           Power        Failure   Level  Hunger
a - Summon Lightning Spi  Summ/Air       #######.     2%          4    None
b - Blink                 Tloc           N/A          1%          2    None
c - Apportation           Tloc           ######       1%          1    None
d - Shroud of Golubria    Chrm/Tloc      #######...   1%          2    None
e - Summon Mana Viper     Hex/Summ       #######.     6%          5    None
f - Lesser Beckoning      Tloc           #######...   1%          3    None
g - Dispersal             Tloc           #######...   28%         6    ####...
h - Ignite Poison         Fire/Tmut/Pois ########     1%          3    None
i - Ring of Flames        Chrm/Fire      ########..   82%         7    #####..
j - Silence               Hex/Air        #######...   6%          5    None
k - Deflect Missiles      Chrm/Air       #######...   28%         6    ####...
q - Aura of Abjuration    Summ           #######...   6%          5    None
r - Regeneration          Chrm/Necr      #######...   1%          3    None
s - Swiftness             Chrm/Air       #######.     1%          2    None
x - Mephitic Cloud        Conj/Pois/Air  #######.     1%          3    None
B - Summon Butterflies    Summ           #######.     1%          1    None
S - Song of Slaying       Chrm           #######.     1%          2    None


Dungeon Overview and Level Annotations

Branches:
Dungeon (15/15)            Temple (1/1) D:4            Lair (6/6) D:11
 Shoals (4/4) Lair:3        Snake (4/4) Lair:2        Slime (0/5) Lair:6
    Orc (0/2) D:9          Vaults (5/5) D:13          Crypt (0/3) Vaults:2
 Depths (5/5) D:15            Zot (5/5) Depths:5

Altars:
Ashenzari
Cheibriados
Dithmenos
Elyvilon
Fedhas
Gozag
Hepliaklqana
Kikubaaqudgha
Makhleb
Nemelex Xobeh
Okawaru
Qazlal
Ru
Sif Muna
Uskayaw
Wu Jian
Xom
Yredelemnul
Zin
The Shining One

Shops:
D:5 !   D:13 :*   Shoals:3 *   Snake:2 =[   Snake:3 =}=   Vaults:4 [[*(
Vaults:5 %%??[[   Depths:2 *[*?[   Depths:3 *   Depths:5 [

Portals:
Hell: Depths:1 Depths:2 Depths:3 Depths:4 Depths:5
Abyss: Depths:2 Depths:4
Pandemonium: Depths:3 Depths:4 Depths:5
Ziggurat: Depths:1

Annotations:
D:6 1 runed door
Lair:3 exclusion: oklob plant
Snake:3 1 runed door, exclusion: downstairs
Snake:4 exclusion: Roxanne, Roxanne
Zot:5 exclusion: door


Innate Abilities, Weirdness & Mutations

Your experience applies equally to all skills.
You have very sharp teeth.
Your uncanny sense of smell can sniff out nearby items.
You have a pair of small horns on your head.
You have sharp toenails.
You are partially covered in icy blue scales. (AC +2)
You are partially covered in iridescent scales. (AC +2)
You are clumsy. (Dex -2)
Armour fits poorly on your strangely shaped body.
Your body sometimes deteriorates upon taking damage.
Your spells are a little harder to cast, but a little more powerful.
You expend magic power (3 MP) to strengthen your wands.


Message History

Where to? (Enter - D:7, ? - help)
There is a stone staircase leading up here.
You climb upwards.
There is a stone staircase leading down here.
(D) Dungeon (T) Temple (L) Lair (A) Shoals (P) Snake Pit (M) Slime Pits (O) Orcish Mines (V) Vaults (C) Crypt (U) Depths (H) Hell (Z) Zot
Where to? (Enter - D:7, ? - help)
There is a stone staircase leading up here.
You climb upwards.
Level annotation: 1 runed door
There is a stone staircase leading down here.
(D) Dungeon (T) Temple (L) Lair (A) Shoals (P) Snake Pit (M) Slime Pits (O) Orcish Mines (V) Vaults (C) Crypt (U) Depths (H) Hell (Z) Zot
Where to? (Enter - D:6, ? - help)
An Orb Guardian comes into view.
The rock shatters into small pieces.
You now have 42/45 mp.
There is a stone staircase leading up here.
The Orb Guardian hits you!!
You climb upwards.
There is a stone staircase leading down here.
You take 17 damage, and have 202/219 hp.
You now have 41/45 mp.
You puncture the Orb Guardian!
You headbutt the Orb Guardian, but do no damage.
You bite the Orb Guardian. The Orb Guardian barely misses you.
You riposte.
You puncture the Orb Guardian! You puncture the Orb Guardian!
Your headbutt misses the Orb Guardian. Your bite misses the Orb Guardian.
You block the Orb Guardian's attack.
You impale the Orb Guardian!! Your headbutt misses the Orb Guardian.
You block the Orb Guardian's attack.
You puncture the Orb Guardian! You headbutt the Orb Guardian!
You block the Orb Guardian's attack.
You puncture the Orb Guardian! You headbutt the Orb Guardian.
You block the Orb Guardian's attack.
You puncture the Orb Guardian!
You kill the Orb Guardian!
Okawaru accepts your kill.
No target in view!
No target in view!
No target in view!
No target in view!
(D) Dungeon (T) Temple (L) Lair (A) Shoals (P) Snake Pit (M) Slime Pits (O) Orcish Mines (V) Vaults (C) Crypt (U) Depths (H) Hell (Z) Zot
Where to? (Enter - D:5, ? - help)
There is a stone staircase leading up here.
You climb upwards.
There is a stone staircase leading down here.
Health restored: 219; MP restored: 45
(D) Dungeon (T) Temple (L) Lair (A) Shoals (P) Snake Pit (M) Slime Pits (O) Orcish Mines (V) Vaults (C) Crypt (U) Depths (H) Hell (Z) Zot
Where to? (Enter - D:4, ? - help)
You open the door.
There is an open door here.
There is a stone staircase leading up here.
You climb upwards.
There is a stone staircase leading down here.
(D) Dungeon (T) Temple (L) Lair (A) Shoals (P) Snake Pit (M) Slime Pits (O) Orcish Mines (V) Vaults (C) Crypt (U) Depths (H) Hell (Z) Zot
Where to? (Enter - D:3, ? - help)
There is a stone staircase leading up here.
You climb upwards.
There is a stone staircase leading down here.
(D) Dungeon (T) Temple (L) Lair (A) Shoals (P) Snake Pit (M) Slime Pits (O) Orcish Mines (V) Vaults (C) Crypt (U) Depths (H) Hell (Z) Zot
Where to? (Enter - D:2, ? - help)
A lich comes into view.
You close the door.
The adder hisses angrily.
Something unseen opens the door.
The adder bites you but does no damage.
There is a stone staircase leading up here.
You block the adder's attack. The adder barely misses you.
You climb upwards.
There is a stone staircase leading down here.
You hit the adder. You block the adder's attack.
You puncture the adder!
You kill the adder!
(D) Dungeon (T) Temple (L) Lair (A) Shoals (P) Snake Pit (M) Slime Pits (O) Orcish Mines (V) Vaults (C) Crypt (U) Depths (H) Hell (Z) Zot
Where to? (Enter - D:1, ? - help)
Okay, then.
You see here an adder corpse.
The rock shatters into small pieces.
You now have 42/45 mp.
A neqoxec comes into view.
You block the neqoxec's attack.
You impale the neqoxec!!
The neqoxec convulses!!
You kill the neqoxec!
Okawaru accepts your kill.
There is a staircase leading out of the dungeon here.
MP restored: 45 You have escaped!

..#.....######.....#..###....#
........#....#.######...#....####
..#....##.##.#......###.##......)
......'#..##.######.#...##'..####
.##...#..###.# #....#.###.#..#
.....#######.###.####.#...##.##
##...######...##'####.#.####..#
#...##.....#.+...'.....####..#
#...'..#######.@.#######..'..###
#...####.....'...'.#.....##.....
#...####.#.###.'##...######.(..#
#...##...#.##.#.###.#######.##.#
#....#.###.#....# #.###..#..##..
##....'##.....######.##..#(..##.#
.......##.#.#......#.##.##......#
##......#...######.#....#.....###
#......#.#..#..)..#.####.....# #


There were no monsters in sight!

Vanquished Creatures
  2 ancient liches
  Mennas (Vaults:4)
  2 orbs of fire (Zot:5)
  Mara (Depths:3)
  A juggernaut (Depths:5)
  Frederick (Depths:5)
  Bai Suzhen (Vaults:4)
  3 Killer Klowns (Zot:5)
  Margery (Vaults:2)
  4 caustic shrikes (Depths:2)
  16 golden dragons
  Jory (Depths:3)
  7 electric golems
  Jorgrun (Depths:4)
  Rupert (Lair:3)
  11 tentacled monstrosities
  21 Orb Guardians
  9 titans
  3 quicksilver dragons
  A deep elf blademaster (Depths:3)
  Polyphemus (Shoals:3)
  6 liches
  5 sphinxes
  15 storm dragons
  12 shadow dragons
  11 death cobs
  The ghost of PeterLawrence the Bludgeoner, an adept MiFi of Okawaru (Snake:1)
  13 nagarajas
  12 tengu reavers
  Donald (Vaults:3)
  6 draconian monks
  2 large abominations (Vaults:5)
  4 deep elf sorcerers
  8 frost giants
  10 fire giants
  8 draconian knights
  3 draconian scorchers (Zot:3)
  14 vault wardens
  4 iron dragons
  Louise (Depths:4)
  5 orc warlords
  Aizul (Snake:4)
  6 ghost moths
  3 draconian stormcallers
  8 draconian shifters
  4 spriggan defenders
  8 draconian annihilators
  A deep elf elementalist (Vaults:5)
  26 stone giants
  3 entropy weavers
  29 very ugly things
  2 vampire knights
  12 black draconians
  4 war gargoyles
  21 ironheart preservers
  12 green draconians
  A dire elephant (Lair:6)
  3 deep elf demonologists
  17 red draconians
  A deep elf annihilator (Vaults:3)
  12 yellow draconians
  15 spark wasps
  A lorocyproca (Depths:5)
  6 purple draconians
  15 white draconians
  18 ettins
  A crystal guardian (Vaults:5)
  10 fire dragons
  7 merfolk javelineers
  7 merfolk impalers
  3 jiangshi (Depths:2)
  5 great orbs of eyes
  5 deep elf high priests
  5 deep elf death magi
  19 yaktaur captains
  12 ice dragons
  A small abomination (Vaults:5)
  7 spriggan air magi
  12 naga warriors
  8 rakshasas
  A hell beast (Depths:3)
  7 hydras
  4 merfolk avatars
  A monstrous demonspawn (Depths:3)
  30 vault guards
  A catoblepas (Shoals:3)
  Erica (Lair:2)
  13 ogre magi
  9 anacondas
  2 alligator snapping turtles
  12 centaur warriors
  A dancing weapon (Zot:1)
  8 satyrs
  5 death knights
  3 merfolk aquamancers
  7 tengu warriors
  9 deep troll earth magi
  11 deep troll shamans
  34 two-headed ogres
  A hell hog (Volcano)
  6 spriggan berserkers
  4 vampire magi
  8 death yaks
  4 shock serpents
  A deep elf knight (Vaults:2)
  16 naga sharpshooters
  The ghost of mortelune the Frost Mage, a novice DsIE of Ashenzari (D:9)
  15 hell knights
  Nergalle (Lair:4)
  5 iron trolls
  3 sixfirhies (Zot:1)
  5 salamander mystics
  3 skeletal warriors
  40 deep trolls
  4 shadow wraiths
  11 sea snakes
  A wizard (Depths:4)
  A swamp dragon (Lair:6)
  7 naga ritualists (Snake:4)
  8 glowing orange brains
  A glowing orange brain (shapeshifter) (Vaults:4)
  2 deep elf archers
  3 phantasmal warriors
  6 flayed ghosts
  6 necromancers
  A lindwurm (Lair:6)
  27 orc knights
  9 ironbrand convokers
  A mana viper (shapeshifter) (Depths:2)
  2 stone giant zombies
  12 deep elf magi
  5 orc sorcerers
  3 wolf spiders
  27 harpies
  6 manticores
  10 mana vipers
  33 ugly things
  17 salamanders
  9 cyclopes
  An oklob plant (Lair:3)
  8 elephants (Lair:6)
  5 guardian serpents
  A moth of wrath (shapeshifter) (Vaults:3)
  17 fauns
  2 iron dragon skeletons
  14 merfolk sirens
  2 rust devils
  27 moths of wrath
  22 vault sentinels
  2 water nymphs
  A stone giant skeleton (Depths:1)
  A frost giant skeleton (D:15)
  Maurice (D:9)
  4 gargoyles
  5 ice statues (IceCv)
  25 black mambas
  2 orange demons (Depths:5)
  6 torpor snails
  11 naga magi
  8 rime drakes
  2 kobold demonologists
  A spriggan zombie (D:15)
  4 centaur skeletons
  14 spiny frogs
  14 freezing wraiths
  2 spiny frogs (shapeshifter) (Vaults:5)
  43 yaktaurs
  9 komodo dragons
  26 merfolk
  2 golden dragon simulacra (IceCv)
  3 tengu conjurers
  A queen bee (shapeshifter) (Vaults:3)
  3 trolls
  A polar bear (Lair:4)
  4 tyrant leeches (Lair:6)
  2 jumping spiders
  A hornet (shapeshifter) (Depths:2)
  32 hornets
  4 wind drakes
  10 snapping turtles
  24 slime creatures
  8 blink frogs
  A blink frog (shapeshifter) (Depths:2)
  13 dream sheep
  12 hippogriffs
  A shadow (D:15)
  28 yaks
  13 redbacks
  2 wraiths
  A ynoxinul (Depths:3)
  A spriggan (shapeshifter) (Vaults:1)
  A tarantella (Vaults:4)
  A vampire (D:14)
  13 spriggans
  11 water elementals
  12 wyverns
  6 fire bats
  A dire elephant simulacrum (IceCv)
  A human (shapeshifter) (Vaults:4)
  A fire elemental (D:14)
  4 hogs (D:7)
  A human (D:7)
  11 basilisks
  3 neqoxecs
  4 hungry ghosts
  2 chaos spawn
  A steam dragon (D:9)
  5 soldier ants
  A swamp worm (shapeshifter) (Depths:5)
  9 wargs
  2 harpy simulacra (IceCv)
  55 nagas
  4 acid dragons
  4 hydra simulacra (IceCv)
  2 floating eyes
  4 hell hounds
  6 porcupines
  16 water moccasins
  4 swamp drakes (Lair:6)
  2 black bears
  33 orc warriors
  10 killer bees (D:6)
  2 eyes of draining
  8 ice beasts
  A necrophage (D:12)
  A wolf (shapeshifter) (Depths:2)
  A centaur (shapeshifter) (Vaults:5)
  14 boggarts
  3 wolves
  32 centaurs
  18 crocodiles
  25 ogres
  A crocodile (shapeshifter) (Vaults:5)
  4 big kobolds
  22 bullfrogs
  A wyvern zombie (D:15)
  A gnoll sergeant (D:9)
  4 scorpions
  3 wights
  A vampire bat (D:5)
  An electric eel (D:11)
  3 howler monkeys
  A bullfrog zombie (D:7)
  A human simulacrum (Vaults:3)
  6 crimson imps
  8 hounds
  8 jellies
  Crazy Yiuf (D:4)
  3 centaur zombies
  16 orc priests
  A bullfrog skeleton (D:12)
  22 orc wizards
  6 iguanas
  18 worker ants
  4 big kobold zombies (Ossuary)
  A mummy (Ossuary)
  3 gnolls (D:9)
  15 adders
  3 shadow imps
  3 oozes
  4 adder zombies (Ossuary)
  3 adder skeletons
  9 worms
  2 dart slugs (D:2)
  The ghost of ThereIsNoGod the Sneak, a weakling SpVM (D:4)
  6 leopard geckos
  84 orcs
  19 bats
  7 giant cockroaches
  2 gnoll zombies (Ossuary)
  A goblin (shapeshifter) (Vaults:5)
  9 hobgoblins
  5 jackals
  7 quokkas
  5 ball pythons
  5 frilled lizards
  7 goblins
  4 hobgoblin zombies (Ossuary)
  19 kobolds
  3 kobold zombies (Ossuary)
  A quokka skeleton (D:5)
  9 rats
  2 plants
2202 creatures vanquished.

Vanquished Creatures (collateral kills)
  A lich (Vaults:4)
  A shadow dragon (Zot:1)
  Ilsuiw (Shoals:4)
  A draconian annihilator (Depths:5)
  3 black draconians (Zot:1)
  2 purple draconians
  2 merfolk javelineers
  2 red draconians
  A vault guard (Vaults:4)
  A merfolk aquamancer (Shoals:4)
  A deep troll earth mage (Vaults:4)
  A deep troll (Depths:5)
  A sea snake (Shoals:4)
  A harpy (Shoals:4)
  A manticore (Shoals:4)
  3 merfolk sirens (Shoals:4)
  4 fauns
  A tengu conjurer (Depths:2)
  A polar bear (shapeshifter) (Depths:5)
  A redback (Vaults:4)
  2 nagas
  A mummy (Ossuary)
  2 gnoll zombies (Ossuary)
  A hobgoblin zombie (Ossuary)
  An orc zombie (Ossuary)
  A crawling corpse (Vaults:5)
38 creatures vanquished.

Vanquished Creatures (others)
  An orb of fire (Zot:5)
  An electric golem (Zot:1)
  A storm dragon (Zot:1)
  A draconian knight (Zot:3)
  2 draconian shifters (Zot:1)
  A war gargoyle (Zot:1)
  A red draconian (Zot:5)
  2 black draconians (Zot:1)
  A merfolk aquamancer (Shoals:3)
  A spriggan berserker (Depths:2)
  A shadow wraith (Vaults:3)
  A sixfirhy (Zot:1)
  A wizard (Vaults:3)
  A lindwurm (shapeshifter) (Depths:2)
  A salamander (Snake:3)
  A faun (Shoals:4)
  2 moths of wrath
  A yaktaur (Vaults:3)
  A hornet (Depths:2)
  A basilisk (Lair:6)
  2 water moccasin zombies (Ossuary)
  2 killer bees (D:6)
  A ball lightning (Zot:1)
  An orc (Vaults:3)
  A kobold (D:12)
  2 fungi (Lair:6)
  33 plants
  9 tentacles (Shoals:2)
  9 withered plants (D:15)
83 creatures vanquished.

Grand Total: 2323 creatures vanquished

Notes
Turn   | Place    | Note
-------+----------+-------------------------------------------
     0 | D:1      | mhoghedin the Gnoll Wanderer began the quest for the Orb.
     0 | D:1      | mhoghedin set off with: a +2 shortbow, 25 arrows, a +0 hand axe, a scroll of teleportation, a +0 robe, a ration
     0 | D:1      | Reached XP level 1. HP: 20/20 MP: 2/2
   123 | D:1      | Reached XP level 2. HP: 26/26 MP: 3/3
   780 | D:2      | Reached XP level 3. HP: 31/31 MP: 4/4
  1107 | D:2      | Reached skill level 1 in Invocations
  1131 | D:2      | Reached skill level 1 in Long Blades
  1131 | D:2      | Reached skill level 1 in Axes
  1131 | D:2      | Reached skill level 1 in Maces & Flails
  1131 | D:2      | Reached skill level 1 in Polearms
  1131 | D:2      | Reached skill level 1 in Staves
  1131 | D:2      | Reached skill level 1 in Slings
  1131 | D:2      | Reached skill level 1 in Crossbows
  1131 | D:2      | Reached skill level 1 in Throwing
  1131 | D:2      | Reached skill level 1 in Shields
  1131 | D:2      | Reached skill level 1 in Unarmed Combat
  1131 | D:2      | Reached skill level 1 in Spellcasting
  1189 | D:2      | Learned a level 2 spell: Blink
  1192 | D:2      | Learned a level 2 spell: Call Imp
  1263 | D:2      | Reached XP level 4. HP: 38/38 MP: 6/6
  1967 | D:3      | Reached skill level 1 in Conjurations
  1967 | D:3      | Reached skill level 1 in Hexes
  1967 | D:3      | Reached skill level 1 in Charms
  1967 | D:3      | Reached skill level 1 in Summonings
  1967 | D:3      | Reached skill level 1 in Necromancy
  1967 | D:3      | Reached skill level 1 in Translocations
  1967 | D:3      | Reached skill level 1 in Transmutations
  1967 | D:3      | Reached skill level 1 in Fire Magic
  1967 | D:3      | Reached skill level 1 in Ice Magic
  1967 | D:3      | Reached skill level 1 in Air Magic
  1967 | D:3      | Reached skill level 1 in Earth Magic
  1967 | D:3      | Reached skill level 1 in Poison Magic
  1976 | D:3      | Reached XP level 5. HP: 32/43 MP: 7/7
  2038 | D:3      | Found a glowing drain.
  2064 | Sewer    | Entered a sewer
  2088 | Sewer    | Noticed a big kobold
  2097 | Sewer    | Killed a big kobold
  2097 | Sewer    | Reached skill level 3 in Short Blades
  2097 | Sewer    | Reached skill level 3 in Bows
  2097 | Sewer    | Reached skill level 3 in Dodging
  2097 | Sewer    | Reached skill level 3 in Evocations
  2142 | Sewer    | Reached XP level 6. HP: 48/50 MP: 8/8
  2204 | Sewer    | Reached skill level 3 in Stealth
  2204 | Sewer    | Reached skill level 2 in Invocations
  2574 | Sewer    | Reached skill level 5 in Fighting
  2574 | Sewer    | Reached skill level 2 in Long Blades
  2574 | Sewer    | Reached skill level 2 in Axes
  2574 | Sewer    | Reached skill level 2 in Maces & Flails
  2574 | Sewer    | Reached skill level 2 in Polearms
  2574 | Sewer    | Reached skill level 2 in Staves
  2574 | Sewer    | Reached skill level 2 in Slings
  2574 | Sewer    | Reached skill level 2 in Crossbows
  2574 | Sewer    | Reached skill level 2 in Throwing
  2574 | Sewer    | Reached skill level 2 in Shields
  2574 | Sewer    | Reached skill level 2 in Unarmed Combat
  2574 | Sewer    | Reached skill level 2 in Spellcasting
  2996 | D:3      | Reached XP level 7. HP: 29/56 MP: 10/10
  3485 | D:3      | Learned a level 3 spell: Conjure Flame
  3489 | D:3      | Learned a level 3 spell: Mephitic Cloud
  3565 | D:4      | Found a sand-covered staircase.
  3570 | Ossuary  | Entered an ossuary
  3661 | Ossuary  | Reached skill level 7 in Armour
  3847 | Ossuary  | Reached skill level 2 in Conjurations
  3847 | Ossuary  | Reached skill level 2 in Hexes
  3847 | Ossuary  | Reached skill level 2 in Charms
  3847 | Ossuary  | Reached skill level 2 in Summonings
  3847 | Ossuary  | Reached skill level 2 in Necromancy
  3847 | Ossuary  | Reached skill level 2 in Translocations
  3847 | Ossuary  | Reached skill level 2 in Transmutations
  3847 | Ossuary  | Reached skill level 2 in Fire Magic
  3847 | Ossuary  | Reached skill level 2 in Ice Magic
  3847 | Ossuary  | Reached skill level 2 in Air Magic
  3847 | Ossuary  | Reached skill level 2 in Earth Magic
  3847 | Ossuary  | Reached skill level 2 in Poison Magic
  4029 | D:4      | Noticed ThereIsNoGod's ghost (weakling SpVM)
  4033 | D:4      | Killed ThereIsNoGod's ghost
  4039 | D:4      | Found a staircase to the Ecumenical Temple.
  4061 | Temple   | Entered the Ecumenical Temple
  4201 | Temple   | Became a worshipper of Warmaster Okawaru
  4977 | D:4      | Reached skill level 3 in Invocations
  5006 | D:4      | Got a shimmering robe
  5034 | D:4      | Identified the +4 robe of Sunlight {Str+3} (You found it on level 4 of the Dungeon)
  5325 | D:4      | Reached XP level 8. HP: 63/63 MP: 12/12
  5376 | D:4      | Found a runed door.
  5380 | D:4      | Noticed Crazy Yiuf
  5394 | D:4      | Killed Crazy Yiuf
  5425 | D:5      | Entered Level 5 of the Dungeon
  5565 | D:5      | Reached skill level 4 in Short Blades
  5565 | D:5      | Reached skill level 3 in Long Blades
  5565 | D:5      | Reached skill level 3 in Axes
  5565 | D:5      | Reached skill level 3 in Maces & Flails
  5565 | D:5      | Reached skill level 3 in Polearms
  5565 | D:5      | Reached skill level 3 in Staves
  5565 | D:5      | Reached skill level 3 in Slings
  5565 | D:5      | Reached skill level 4 in Bows
  5565 | D:5      | Reached skill level 3 in Crossbows
  5565 | D:5      | Reached skill level 3 in Throwing
  5565 | D:5      | Reached skill level 4 in Dodging
  5565 | D:5      | Reached skill level 3 in Shields
  5565 | D:5      | Reached skill level 3 in Unarmed Combat
  5565 | D:5      | Reached skill level 3 in Spellcasting
  5565 | D:5      | Reached skill level 4 in Evocations
  5772 | D:5      | Found Fexef's Distillery.
  6293 | D:6      | Found a runed gate.
  6295 | D:6      | Found a runed gate.
  6295 | D:6      | Found a runed gate.
  6303 | D:6      | Found a runed door.
  6312 | D:6      | Found a runed door.
  6314 | D:6      | Found the +9 staff of Olgreb {rPois}
  6360 | D:6      | Reached skill level 4 in Stealth
  6447 | D:6      | Reached * piety under Okawaru
  6703 | D:6      | Found a hazy altar of Hepliaklqana.
  7147 | D:6      | Reached ** piety under Okawaru
  7147 | D:6      | Reached skill level 3 in Conjurations
  7147 | D:6      | Reached skill level 3 in Hexes
  7147 | D:6      | Reached skill level 3 in Charms
  7147 | D:6      | Reached skill level 3 in Summonings
  7147 | D:6      | Reached skill level 3 in Necromancy
  7147 | D:6      | Reached skill level 3 in Translocations
  7147 | D:6      | Reached skill level 3 in Transmutations
  7147 | D:6      | Reached skill level 3 in Fire Magic
  7147 | D:6      | Reached skill level 3 in Ice Magic
  7147 | D:6      | Reached skill level 3 in Air Magic
  7147 | D:6      | Reached skill level 3 in Earth Magic
  7147 | D:6      | Reached skill level 3 in Poison Magic
  7147 | D:6      | Reached skill level 4 in Invocations
  7150 | D:6      | Reached skill level 6 in Fighting
  7150 | D:6      | Reached XP level 9. HP: 68/69 MP: 11/14
  7172 | D:6      | Reached skill level 4 in Long Blades
  7172 | D:6      | Reached skill level 4 in Axes
  7172 | D:6      | Reached skill level 4 in Maces & Flails
  7172 | D:6      | Reached skill level 4 in Polearms
  7172 | D:6      | Reached skill level 4 in Staves
  7172 | D:6      | Reached skill level 4 in Slings
  7172 | D:6      | Reached skill level 4 in Crossbows
  7172 | D:6      | Reached skill level 4 in Throwing
  7172 | D:6      | Reached skill level 4 in Shields
  7172 | D:6      | Reached skill level 4 in Unarmed Combat
  7172 | D:6      | Reached skill level 4 in Spellcasting
  7498 | D:6      | Reached skill level 5 in Short Blades
  7498 | D:6      | Reached skill level 5 in Bows
  7498 | D:6      | Reached skill level 5 in Dodging
  7498 | D:6      | Reached skill level 5 in Evocations
  7509 | D:6      | Reached skill level 5 in Stealth
  7511 | D:6      | Reached *** piety under Okawaru
  7807 | D:7      | Reached skill level 8 in Armour
  7831 | D:7      | HP: 8/71 [orc warrior/mace (13)]
  8072 | D:7      | Reached skill level 5 in Invocations
  8247 | D:7      | Reached XP level 10. HP: 57/77 MP: 3/17
  8249 | D:7      | Reached skill level 4 in Conjurations
  8249 | D:7      | Reached skill level 4 in Hexes
  8249 | D:7      | Reached skill level 4 in Charms
  8249 | D:7      | Reached skill level 4 in Summonings
  8249 | D:7      | Reached skill level 4 in Necromancy
  8249 | D:7      | Reached skill level 4 in Translocations
  8249 | D:7      | Reached skill level 4 in Transmutations
  8249 | D:7      | Reached skill level 4 in Fire Magic
  8249 | D:7      | Reached skill level 4 in Ice Magic
  8249 | D:7      | Reached skill level 4 in Air Magic
  8249 | D:7      | Reached skill level 4 in Earth Magic
  8249 | D:7      | Reached skill level 4 in Poison Magic
  8439 | D:7      | Reached **** piety under Okawaru
  8439 | D:7      | Received a gift from Okawaru
  8573 | D:7      | Reached skill level 5 in Long Blades
  8573 | D:7      | Reached skill level 5 in Axes
  8573 | D:7      | Reached skill level 5 in Maces & Flails
  8573 | D:7      | Reached skill level 5 in Polearms
  8573 | D:7      | Reached skill level 5 in Staves
  8573 | D:7      | Reached skill level 5 in Slings
  8573 | D:7      | Reached skill level 5 in Crossbows
  8573 | D:7      | Reached skill level 5 in Throwing
  8573 | D:7      | Reached skill level 5 in Shields
  8573 | D:7      | Reached skill level 5 in Unarmed Combat
  8573 | D:7      | Reached skill level 5 in Spellcasting
  9120 | D:8      | Noticed a two-headed ogre
  9162 | D:8      | Killed a two-headed ogre
  9162 | D:8      | Reached skill level 7 in Fighting
  9394 | D:8      | Found the +0 pair of fencer's gloves {+Riposte Dex+3}
  9421 | D:8      | Reached skill level 6 in Short Blades
  9421 | D:8      | Reached skill level 6 in Bows
  9421 | D:8      | Reached skill level 6 in Dodging
  9421 | D:8      | Reached skill level 6 in Evocations
  9467 | D:8      | Found a sparkling altar of Nemelex Xobeh.
  9473 | D:8      | Found a sacrificial altar of Ru.
  9473 | D:8      | Found a blossoming altar of Fedhas.
  9474 | D:8      | Found an ancient bone altar of Kikubaaqudgha.
  9474 | D:8      | Found an ornate altar of the Wu Jian Council.
  9476 | D:8      | Found a shadowy altar of Dithmenos.
 10047 | D:9      | Noticed Maurice
 10183 | D:9      | Reached skill level 6 in Stealth
 10296 | D:9      | Reached skill level 6 in Invocations
 10376 | D:9      | Found a shimmering altar of Xom.
 10378 | D:9      | Found a shimmering altar of Xom.
 10378 | D:9      | Found a shimmering altar of Xom.
 10378 | D:9      | Found a shimmering altar of Xom.
 10378 | D:9      | Found a shimmering altar of Xom.
 10399 | D:9      | Found a shimmering altar of Xom.
 10492 | D:9      | Found a shimmering altar of Xom.
 10600 | D:9      | Noticed mortelune's ghost (novice DsIE)
 10994 | D:10     | Entered Level 10 of the Dungeon
 11177 | D:9      | Received a gift from Okawaru
 11190 | D:9      | Killed Maurice
 11279 | D:9      | Found a staircase to the Orcish Mines.
 11322 | D:9      | Reached XP level 11. HP: 73/84 MP: 19/19
 11534 | D:9      | Killed mortelune's ghost
 11534 | D:9      | Reached ***** piety under Okawaru
 11949 | D:10     | Reached skill level 9 in Armour
 12343 | D:11     | Noticed a two-headed ogre
 12347 | D:11     | Killed a two-headed ogre
 12347 | D:11     | Reached skill level 6 in Long Blades
 12347 | D:11     | Reached skill level 6 in Axes
 12347 | D:11     | Reached skill level 6 in Maces & Flails
 12347 | D:11     | Reached skill level 6 in Polearms
 12347 | D:11     | Reached skill level 6 in Staves
 12347 | D:11     | Reached skill level 6 in Slings
 12347 | D:11     | Reached skill level 6 in Crossbows
 12347 | D:11     | Reached skill level 6 in Throwing
 12347 | D:11     | Reached skill level 6 in Shields
 12347 | D:11     | Reached skill level 6 in Unarmed Combat
 12347 | D:11     | Reached skill level 6 in Spellcasting
 12347 | D:11     | Reached skill level 5 in Conjurations
 12347 | D:11     | Reached skill level 5 in Hexes
 12347 | D:11     | Reached skill level 5 in Charms
 12347 | D:11     | Reached skill level 5 in Summonings
 12347 | D:11     | Reached skill level 5 in Necromancy
 12347 | D:11     | Reached skill level 5 in Translocations
 12347 | D:11     | Reached skill level 5 in Transmutations
 12347 | D:11     | Reached skill level 5 in Fire Magic
 12347 | D:11     | Reached skill level 5 in Ice Magic
 12347 | D:11     | Reached skill level 5 in Air Magic
 12347 | D:11     | Reached skill level 5 in Earth Magic
 12347 | D:11     | Reached skill level 5 in Poison Magic
 12391 | D:11     | Found a staircase to the Lair.
 12630 | D:11     | Received a gift from Okawaru
 12643 | D:11     | Received a gift from Okawaru
 12643 | D:11     | Reached skill level 7 in Invocations
 12674 | D:11     | Reached skill level 8 in Fighting
 12674 | D:11     | Reached skill level 7 in Short Blades
 12674 | D:11     | Reached skill level 7 in Bows
 12674 | D:11     | Reached skill level 7 in Dodging
 12674 | D:11     | Reached skill level 7 in Evocations
 13082 | D:11     | Reached skill level 7 in Stealth
 13712 | Lair:1   | Entered Level 1 of the Lair of Beasts
 13956 | Lair:1   | Reached XP level 12. HP: 88/93 MP: 20/22
 15034 | Lair:2   | Found a dark tunnel.
 15038 | Lair:2   | Reached skill level 7 in Long Blades
 15038 | Lair:2   | Reached skill level 7 in Axes
 15038 | Lair:2   | Reached skill level 7 in Maces & Flails
 15038 | Lair:2   | Reached skill level 7 in Polearms
 15038 | Lair:2   | Reached skill level 7 in Staves
 15038 | Lair:2   | Reached skill level 7 in Slings
 15038 | Lair:2   | Reached skill level 7 in Crossbows
 15038 | Lair:2   | Reached skill level 7 in Throwing
 15038 | Lair:2   | Reached skill level 7 in Shields
 15038 | Lair:2   | Reached skill level 7 in Unarmed Combat
 15038 | Lair:2   | Reached skill level 7 in Spellcasting
 15058 | Volcano  | Entered a volcano
 15118 | Volcano  | Noticed a hell hog
 15118 | Volcano  | Noticed a two-headed ogre
 15123 | Volcano  | Killed a two-headed ogre
 15126 | Volcano  | Killed a hell hog
 15135 | Volcano  | Reached skill level 6 in Conjurations
 15135 | Volcano  | Reached skill level 6 in Hexes
 15135 | Volcano  | Reached skill level 6 in Charms
 15135 | Volcano  | Reached skill level 6 in Summonings
 15135 | Volcano  | Reached skill level 6 in Necromancy
 15135 | Volcano  | Reached skill level 6 in Translocations
 15135 | Volcano  | Reached skill level 6 in Transmutations
 15135 | Volcano  | Reached skill level 6 in Fire Magic
 15135 | Volcano  | Reached skill level 6 in Ice Magic
 15135 | Volcano  | Reached skill level 6 in Air Magic
 15135 | Volcano  | Reached skill level 6 in Earth Magic
 15135 | Volcano  | Reached skill level 6 in Poison Magic
 15143 | Volcano  | Received a gift from Okawaru
 15478 | Lair:2   | Noticed Erica
 15491 | Lair:2   | Killed Erica
 15491 | Lair:2   | Reached skill level 8 in Invocations
 15614 | Lair:2   | Received a gift from Okawaru
 15763 | Lair:2   | Found a staircase to the Snake Pit.
 16342 | Lair:3   | Reached skill level 8 in Short Blades
 16342 | Lair:3   | Reached skill level 8 in Bows
 16342 | Lair:3   | Reached skill level 10 in Armour
 16342 | Lair:3   | Reached skill level 8 in Dodging
 16342 | Lair:3   | Reached skill level 8 in Evocations
 16556 | Lair:3   | Found a staircase to the Shoals.
 16611 | Lair:3   | Reached skill level 8 in Stealth
 16618 | Lair:3   | Reached skill level 9 in Fighting
 16702 | Lair:3   | Reached XP level 13. HP: 84/101 MP: 19/24
 16806 | Lair:3   | Noticed Rupert
 16924 | Lair:3   | Paralysed by Rupert for 2 turns
 16943 | Lair:3   | Killed Rupert
 16943 | Lair:3   | Received a gift from Okawaru
 17149 | Lair:3   | Reached skill level 8 in Long Blades
 17149 | Lair:3   | Reached skill level 8 in Axes
 17149 | Lair:3   | Reached skill level 8 in Maces & Flails
 17149 | Lair:3   | Reached skill level 8 in Polearms
 17149 | Lair:3   | Reached skill level 8 in Staves
 17149 | Lair:3   | Reached skill level 8 in Slings
 17149 | Lair:3   | Reached skill level 8 in Crossbows
 17149 | Lair:3   | Reached skill level 8 in Throwing
 17149 | Lair:3   | Reached skill level 8 in Shields
 17149 | Lair:3   | Reached skill level 8 in Unarmed Combat
 17149 | Lair:3   | Reached skill level 8 in Spellcasting
 18073 | Lair:4   | Noticed Nergalle
 18085 | Lair:4   | Killed Nergalle
 18346 | Lair:5   | Reached skill level 9 in Invocations
 18412 | Lair:5   | Reached ****** piety under Okawaru
 18763 | Lair:5   | Received a gift from Okawaru
 19222 | Lair:6   | Entered Level 6 of the Lair of Beasts
 19222 | Lair:6   | Noticed a dire elephant
 19284 | Lair:6   | Reached skill level 7 in Conjurations
 19284 | Lair:6   | Reached skill level 7 in Hexes
 19284 | Lair:6   | Reached skill level 7 in Charms
 19284 | Lair:6   | Reached skill level 7 in Summonings
 19284 | Lair:6   | Reached skill level 7 in Necromancy
 19284 | Lair:6   | Reached skill level 7 in Translocations
 19284 | Lair:6   | Reached skill level 7 in Transmutations
 19284 | Lair:6   | Reached skill level 7 in Fire Magic
 19284 | Lair:6   | Reached skill level 7 in Ice Magic
 19284 | Lair:6   | Reached skill level 7 in Air Magic
 19284 | Lair:6   | Reached skill level 7 in Earth Magic
 19284 | Lair:6   | Reached skill level 7 in Poison Magic
 19296 | Lair:6   | Received a gift from Okawaru
 19387 | Lair:6   | Reached skill level 9 in Short Blades
 19387 | Lair:6   | Reached skill level 9 in Bows
 19387 | Lair:6   | Reached skill level 9 in Dodging
 19387 | Lair:6   | Reached skill level 9 in Evocations
 19441 | Lair:6   | HP: 24/102 [six-headed hydra (10)]
 19454 | Lair:5   | Reached skill level 9 in Stealth
 19736 | Lair:6   | Reached XP level 14. HP: 72/109 MP: 18/26
 20232 | Lair:6   | Reached skill level 10 in Fighting
 20274 | Lair:6   | Reached skill level 11 in Armour
 20277 | Lair:6   | Reached skill level 9 in Long Blades
 20277 | Lair:6   | Reached skill level 9 in Axes
 20277 | Lair:6   | Reached skill level 9 in Maces & Flails
 20277 | Lair:6   | Reached skill level 9 in Polearms
 20277 | Lair:6   | Reached skill level 9 in Staves
 20277 | Lair:6   | Reached skill level 9 in Slings
 20277 | Lair:6   | Reached skill level 9 in Crossbows
 20277 | Lair:6   | Reached skill level 9 in Throwing
 20277 | Lair:6   | Reached skill level 9 in Shields
 20277 | Lair:6   | Reached skill level 9 in Unarmed Combat
 20277 | Lair:6   | Reached skill level 9 in Spellcasting
 20533 | Lair:6   | Found a staircase to the Slime Pits.
 20781 | Lair:6   | Killed a dire elephant
 21272 | Lair:6   | Received a gift from Okawaru
 21314 | Lair:6   | Reached skill level 10 in Invocations
 21327 | Lair:6   | Received a gift from Okawaru
 21330 | Lair:6   | Received a gift from Okawaru
 21648 | Lair:6   | Found a runed door.
 21763 | Lair:6   | Received a gift from Okawaru
 22090 | Lair:6   | Got a crude leather armour
 22091 | Lair:6   | Identified the +2 leather armour of Fets {Stlth+} (You found it on level 6 of the Lair of Beasts)
 22282 | Lair:6   | Reached skill level 8 in Conjurations
 22282 | Lair:6   | Reached skill level 8 in Hexes
 22282 | Lair:6   | Reached skill level 8 in Charms
 22282 | Lair:6   | Reached skill level 8 in Summonings
 22282 | Lair:6   | Reached skill level 8 in Necromancy
 22282 | Lair:6   | Reached skill level 8 in Translocations
 22282 | Lair:6   | Reached skill level 8 in Transmutations
 22282 | Lair:6   | Reached skill level 8 in Fire Magic
 22282 | Lair:6   | Reached skill level 8 in Ice Magic
 22282 | Lair:6   | Reached skill level 8 in Air Magic
 22282 | Lair:6   | Reached skill level 8 in Earth Magic
 22282 | Lair:6   | Reached skill level 8 in Poison Magic
 22282 | Lair:6   | Reached XP level 15. HP: 102/117 MP: 25/28
 22506 | Snake:1  | Entered Level 1 of the Snake Pit
 22552 | Snake:1  | Received a gift from Okawaru
 22586 | Snake:1  | Got an ichor-stained scale mail {god gift}
 22623 | Lair:2   | Identified the +1 scale mail "Gyfost" {rPois Str+2 Int+4} (Okawaru gifted it to you on level 1 of the Snake Pit)
 22877 | D:11     | Learned a level 2 spell: Swiftness
 22907 | D:12     | Reached skill level 10 in Short Blades
 22907 | D:12     | Reached skill level 10 in Bows
 22907 | D:12     | Reached skill level 10 in Dodging
 22907 | D:12     | Reached skill level 10 in Evocations
 23156 | D:12     | Reached skill level 10 in Stealth
 23209 | D:12     | Identified a scroll of acquirement
 24044 | D:13     | Found Egoc's General Store.
 24085 | D:13     | Found a gate to the Vaults.
 24195 | D:13     | Found Lamoxki's Book Boutique.
 24643 | D:14     | Found a shimmering altar of Xom.
 24917 | Snake:1  | Noticed PeterLawrence's ghost (adept MiFi)
 24963 | Snake:1  | Killed PeterLawrence's ghost
 26237 | D:14     | Reached skill level 10 in Long Blades
 26237 | D:14     | Reached skill level 10 in Axes
 26237 | D:14     | Reached skill level 10 in Maces & Flails
 26237 | D:14     | Reached skill level 10 in Polearms
 26237 | D:14     | Reached skill level 10 in Staves
 26237 | D:14     | Reached skill level 10 in Slings
 26237 | D:14     | Reached skill level 10 in Crossbows
 26237 | D:14     | Reached skill level 10 in Throwing
 26237 | D:14     | Reached skill level 10 in Shields
 26237 | D:14     | Reached skill level 10 in Unarmed Combat
 26237 | D:14     | Reached skill level 10 in Spellcasting
 26331 | D:15     | Entered Level 15 of the Dungeon
 26386 | D:15     | Received a gift from Okawaru
 26474 | D:15     | Reached skill level 11 in Fighting
 26491 | D:15     | Received a gift from Okawaru
 26908 | D:15     | Reached skill level 11 in Invocations
 27487 | D:15     | Received a gift from Okawaru
 27539 | D:15     | Reached skill level 12 in Armour
 27589 | D:15     | Reached XP level 16. HP: 75/125 MP: 20/30
 27647 | D:15     | Learned a level 3 spell: Regeneration
 27689 | D:15     | Found a staircase to the Depths.
 28083 | D:15     | HP: 23/125 [large slime creature (19)]
 29004 | Snake:1  | Learned a level 1 spell: Summon Butterflies
 29472 | Snake:2  | Received a gift from Okawaru
 29533 | Snake:2  | Reached skill level 9 in Conjurations
 29533 | Snake:2  | Reached skill level 9 in Hexes
 29533 | Snake:2  | Reached skill level 9 in Charms
 29533 | Snake:2  | Reached skill level 9 in Summonings
 29533 | Snake:2  | Reached skill level 9 in Necromancy
 29533 | Snake:2  | Reached skill level 9 in Translocations
 29533 | Snake:2  | Reached skill level 9 in Transmutations
 29533 | Snake:2  | Reached skill level 9 in Fire Magic
 29533 | Snake:2  | Reached skill level 9 in Ice Magic
 29533 | Snake:2  | Reached skill level 9 in Air Magic
 29533 | Snake:2  | Reached skill level 9 in Earth Magic
 29533 | Snake:2  | Reached skill level 9 in Poison Magic
 29638 | Snake:2  | Learned a level 2 spell: Shroud of Golubria
 29684 | Snake:2  | Noticed a nagaraja
 29704 | Snake:2  | Killed a nagaraja
 29777 | Snake:2  | Found Wesirat's Jewellery Emporium.
 29781 | Snake:2  | Bought the ring "Kixzegoy" {MR++ Str+3 Int+2 Dex+2} for 632 gold pieces
 29784 | Snake:2  | Found Tuqev's Antique Armour Shoppe.
 29790 | Snake:2  | Bought a pair of distressingly furry gloves for 313 gold pieces
 29800 | Snake:2  | Identified the +1 pair of gloves "Cavufeas" {rC+} (You bought it in a shop on level 2 of the Snake Pit)
 29811 | Snake:2  | Bought a warped chain mail for 313 gold pieces
 29821 | Snake:2  | Identified the cursed +0 chain mail of Darkness {+Fly rCorr Int+4 Stlth-} (You bought it in a shop on level 2 of the Snake Pit)
 29842 | Snake:2  | Reached skill level 11 in Short Blades
 29842 | Snake:2  | Reached skill level 11 in Bows
 29842 | Snake:2  | Reached skill level 11 in Dodging
 29842 | Snake:2  | Reached skill level 11 in Evocations
 30201 | Snake:3  | Noticed a nagaraja
 30213 | Snake:3  | Killed a nagaraja
 30213 | Snake:3  | Reached skill level 11 in Stealth
 30220 | Snake:3  | Received a gift from Okawaru
 30232 | Snake:3  | Learned a level 5 spell: Summon Mana Viper
 30372 | Snake:3  | HP: 17/126 [naga sharpshooter/bolt (23)]
 30391 | Snake:4  | Entered Level 4 of the Snake Pit
 30750 | Snake:4  | HP: 26/126 [salamander mystic/quarterstaff of speed (11)]
 30755 | Snake:4  | HP: 13/126 [salamander mystic/orb of energy (18)]
 30794 | Snake:4  | Noticed a nagaraja
 30802 | Snake:4  | Killed a nagaraja
 30837 | Snake:4  | Received a gift from Okawaru
 30865 | Snake:4  | Reached skill level 11 in Long Blades
 30865 | Snake:4  | Reached skill level 11 in Axes
 30865 | Snake:4  | Reached skill level 11 in Maces & Flails
 30865 | Snake:4  | Reached skill level 11 in Polearms
 30865 | Snake:4  | Reached skill level 11 in Staves
 30865 | Snake:4  | Reached skill level 11 in Slings
 30865 | Snake:4  | Reached skill level 11 in Crossbows
 30865 | Snake:4  | Reached skill level 11 in Throwing
 30865 | Snake:4  | Reached skill level 11 in Shields
 30865 | Snake:4  | Reached skill level 11 in Unarmed Combat
 30865 | Snake:4  | Reached skill level 11 in Spellcasting
 30914 | Snake:4  | HP: 31/127 [poisoned by a naga ritualist]
 30919 | Snake:4  | HP: 41/190 [poisoned by a naga ritualist]
 30924 | Snake:4  | HP: 41/190 [poisoned by a naga ritualist]
 30930 | Snake:4  | HP: 27/127 [poisoned by a naga ritualist]
 30935 | Snake:4  | HP: 24/127 [poisoned by a naga ritualist]
 30942 | Snake:4  | HP: 24/127 [poisoned by a naga ritualist]
 30947 | Snake:4  | HP: 24/127 [poisoned by a naga ritualist]
 31371 | Snake:4  | Noticed a nagaraja
 31378 | Snake:4  | Noticed Aizul
 31390 | Snake:4  | Received a gift from Okawaru
 31392 | Snake:4  | HP: 31/127 [poisoned by Aizul (bolt of poison)]
 31397 | Snake:4  | HP: 24/127 [poisoned by Aizul (bolt of poison)]
 31401 | Snake:4  | HP: 11/127 [Aizul/bolt of poison (3)]
 31808 | Snake:3  | Reached XP level 17. HP: 85/133 MP: 21/32
 32125 | Snake:3  | Reached skill level 12 in Invocations
 32961 | Snake:3  | Identified Spellweaving, Part Three
 32997 | Snake:3  | Reached skill level 12 in Fighting
 33142 | Snake:3  | Found a runed door.
 33243 | Snake:3  | Found Jeschax's Gadget Emporium.
 33244 | Snake:3  | Found Fueshrer's Jewellery Shop.
 33244 | Snake:3  | Found Roleroef's Jewellery Shop.
 33260 | Snake:3  | Bought the ring of Conformity {Str+6 Int+3 Slay+2 Stlth+} for 828 gold pieces
 33328 | Snake:4  | Noticed Roxanne
 33662 | Snake:4  | Killed Aizul
 33674 | Snake:4  | Received a gift from Okawaru
 33739 | Snake:4  | Received a gift from Okawaru
 33772 | Snake:4  | Received a gift from Okawaru
 33776 | Snake:4  | Got a fine ring mail {god gift}
 34212 | Snake:4  | Reached skill level 13 in Armour
 34416 | Snake:4  | Reached skill level 10 in Conjurations
 34416 | Snake:4  | Reached skill level 10 in Hexes
 34416 | Snake:4  | Reached skill level 10 in Charms
 34416 | Snake:4  | Reached skill level 10 in Summonings
 34416 | Snake:4  | Reached skill level 10 in Necromancy
 34416 | Snake:4  | Reached skill level 10 in Translocations
 34416 | Snake:4  | Reached skill level 10 in Transmutations
 34416 | Snake:4  | Reached skill level 10 in Fire Magic
 34416 | Snake:4  | Reached skill level 10 in Ice Magic
 34416 | Snake:4  | Reached skill level 10 in Air Magic
 34416 | Snake:4  | Reached skill level 10 in Earth Magic
 34416 | Snake:4  | Reached skill level 10 in Poison Magic
 34455 | Snake:4  | Got a serpentine rune of Zot
 34618 | Shoals:1 | Entered Level 1 of the Shoals
 34959 | Shoals:1 | Received a gift from Okawaru
 34959 | Shoals:1 | Reached XP level 18. HP: 124/141 MP: 33/33
 34984 | Shoals:1 | Reached skill level 12 in Short Blades
 34984 | Shoals:1 | Reached skill level 12 in Bows
 34984 | Shoals:1 | Reached skill level 12 in Dodging
 34984 | Shoals:1 | Reached skill level 12 in Evocations
 35107 | Shoals:1 | Reached skill level 12 in Stealth
 35759 | Shoals:2 | HP: 29/142 [tentacle[a kraken] (9)]
 36111 | Shoals:2 | Found a frozen archway.
 36127 | IceCv    | Entered an ice cave
 36422 | IceCv    | HP: 30/142 [ice statue/bolt of cold (12)]
 36777 | IceCv    | Received a gift from Okawaru
 36800 | IceCv    | Found the +7 Singing Sword
 36827 | IceCv    | Identified Liff's Papyrus of the Twisted Snowflakes
 37004 | Shoals:2 | Reached skill level 12 in Long Blades
 37004 | Shoals:2 | Reached skill level 12 in Axes
 37004 | Shoals:2 | Reached skill level 12 in Maces & Flails
 37004 | Shoals:2 | Reached skill level 12 in Polearms
 37004 | Shoals:2 | Reached skill level 12 in Staves
 37004 | Shoals:2 | Reached skill level 12 in Slings
 37004 | Shoals:2 | Reached skill level 12 in Crossbows
 37004 | Shoals:2 | Reached skill level 12 in Throwing
 37004 | Shoals:2 | Reached skill level 12 in Shields
 37004 | Shoals:2 | Reached skill level 12 in Unarmed Combat
 37004 | Shoals:2 | Reached skill level 12 in Spellcasting
 37306 | Shoals:3 | Received a gift from Okawaru
 37306 | Shoals:3 | Reached skill level 13 in Invocations
 37400 | Shoals:3 | Received a gift from Okawaru
 37626 | Shoals:3 | Learned a level 3 spell: Lesser Beckoning
 37633 | Shoals:3 | Learned a level 6 spell: Dispersal
 37636 | Shoals:3 | Learned a level 2 spell: Song of Slaying
 37892 | Shoals:3 | Noticed Polyphemus
 37924 | Shoals:3 | Killed Polyphemus
 37928 | Shoals:3 | Received a gift from Okawaru
 38067 | Shoals:3 | Found Foimyt's Assorted Antiques.
 38077 | Shoals:3 | Reached skill level 13 in Fighting
 38252 | Shoals:4 | Entered Level 4 of the Shoals
 38309 | Shoals:4 | Reached XP level 19. HP: 143/149 MP: 29/35
 39256 | Shoals:3 | Upgraded the game from 0.22-a0-271-gc000056 to 0.22-a0-274-gf8199ec
 39730 | Shoals:4 | Noticed Ilsuiw
 39755 | Shoals:4 | Killed Ilsuiw
 39941 | Shoals:4 | Got a barnacled rune of Zot
 40240 | Shoals:4 | Received a gift from Okawaru
 40625 | Vaults:1 | Entered Level 1 of the Vaults
 40657 | Vaults:1 | Got a steaming brass ring
 40670 | Vaults:1 | Identified the ring "Loanibeim" {MR+ Str+3 Slay+2} (You found it on level 1 of the Vaults)
 40733 | Vaults:1 | Received a gift from Okawaru
 40787 | Vaults:1 | Learned a level 3 spell: Ignite Poison
 40853 | Vaults:1 | Reached skill level 14 in Armour
 40902 | Vaults:1 | HP: 5/149 [ice dragon/blast of cold (42)]
 40921 | D:13     | HP: 34/149 [entropy weaver (3)]
 40927 | D:13     | HP: 28/149 [jumping spider (2)]
 41301 | Vaults:1 | Received a gift from Okawaru
 41368 | Vaults:1 | Found a flickering gateway to a bazaar.
 41377 | Bazaar   | Entered a bazaar
 41379 | Bazaar   | Found Anuah's Armour Boutique.
 41383 | Bazaar   | Found Ovvacesy's General Store.
 41383 | Bazaar   | Found Risupnem's Jewellery Boutique.
 41384 | Bazaar   | Found Futiff's Magic Scroll Boutique.
 41425 | Bazaar   | Bought the +1 chain mail "Kem Fuxt" {rPois rC+ MR++ Dex-2} for 414 gold pieces
 41841 | Vaults:1 | Reached skill level 13 in Short Blades
 41841 | Vaults:1 | Reached skill level 13 in Bows
 41841 | Vaults:1 | Reached skill level 13 in Dodging
 41841 | Vaults:1 | Reached skill level 13 in Evocations
 41967 | Vaults:1 | Reached skill level 13 in Stealth
 41967 | Vaults:1 | Reached skill level 11 in Conjurations
 41967 | Vaults:1 | Reached skill level 11 in Hexes
 41967 | Vaults:1 | Reached skill level 11 in Charms
 41967 | Vaults:1 | Reached skill level 11 in Summonings
 41967 | Vaults:1 | Reached skill level 11 in Necromancy
 41967 | Vaults:1 | Reached skill level 11 in Translocations
 41967 | Vaults:1 | Reached skill level 11 in Transmutations
 41967 | Vaults:1 | Reached skill level 11 in Fire Magic
 41967 | Vaults:1 | Reached skill level 11 in Ice Magic
 41967 | Vaults:1 | Reached skill level 11 in Air Magic
 41967 | Vaults:1 | Reached skill level 11 in Earth Magic
 41967 | Vaults:1 | Reached skill level 11 in Poison Magic
 42309 | Vaults:1 | Upgraded the game from 0.22-a0-274-gf8199ec to 0.22-a0-278-g8f80174
 42332 | Vaults:1 | Received a gift from Okawaru
 42754 | Vaults:2 | Reached XP level 20. HP: 130/157 MP: 25/36
 42769 | Vaults:2 | Reached skill level 14 in Invocations
 42781 | Vaults:2 | Reached skill level 13 in Long Blades
 42781 | Vaults:2 | Reached skill level 13 in Axes
 42781 | Vaults:2 | Reached skill level 13 in Maces & Flails
 42781 | Vaults:2 | Reached skill level 13 in Polearms
 42781 | Vaults:2 | Reached skill level 13 in Staves
 42781 | Vaults:2 | Reached skill level 13 in Slings
 42781 | Vaults:2 | Reached skill level 13 in Crossbows
 42781 | Vaults:2 | Reached skill level 13 in Throwing
 42781 | Vaults:2 | Reached skill level 13 in Shields
 42781 | Vaults:2 | Reached skill level 13 in Unarmed Combat
 42781 | Vaults:2 | Reached skill level 13 in Spellcasting
 43442 | Vaults:2 | Noticed Margery
 43492 | Vaults:2 | Killed Margery
 43591 | Vaults:2 | Found a staircase to the Crypt.
 44442 | Vaults:3 | Received a gift from Okawaru
 45079 | Vaults:3 | Noticed Donald
 45081 | Vaults:3 | Reached skill level 14 in Fighting
 45092 | Vaults:3 | Killed Donald
 45123 | Vaults:3 | Received a gift from Okawaru
 45247 | Vaults:3 | Got a clouded iron ring
 45283 | Vaults:3 | Received a gift from Okawaru
 45518 | Vaults:3 | Reached XP level 21. HP: 86/165 MP: 18/38
 45819 | Vaults:3 | Received a gift from Okawaru
 45822 | Vaults:3 | Got a distressingly furry helmet {god gift}
 45833 | Vaults:3 | Identified the +2 helmet of the Other World {rCorr Str+3 Dex-3} (Okawaru gifted it to you on level 3 of the Vaults)
 46205 | Vaults:3 | Got an ichor-stained morningstar {crush}
 46206 | Vaults:3 | Identified the +5 morningstar of Kuefuricel {crush, Str+6 Dex+2} (You took it off a tengu reaver on level 3 of the Vaults)
 46224 | Vaults:3 | Noticed a golden dragon
 46251 | Vaults:3 | Killed a golden dragon
 46292 | Vaults:3 | Reached skill level 14 in Short Blades
 46292 | Vaults:3 | Reached skill level 14 in Bows
 46292 | Vaults:3 | Reached skill level 14 in Dodging
 46292 | Vaults:3 | Reached skill level 14 in Evocations
 46311 | Vaults:3 | Reached skill level 14 in Stealth
 46444 | Vaults:3 | Reached skill level 15 in Armour
 46463 | Vaults:3 | Identified the Guide on Attacks
 46511 | Vaults:3 | Learned a level 5 spell: Aura of Abjuration
 46529 | Vaults:3 | Identified the ring "Vokob" {Fire Int+6 Slay+3} (You took it off an orc warrior on level 3 of the Vaults)
 46539 | Vaults:3 | Learned a level 4 spell: Summon Lightning Spire
 46541 | Vaults:3 | Learned a level 1 spell: Apportation
 47023 | Vaults:4 | Reached skill level 15 in Invocations
 47035 | Vaults:4 | Reached skill level 12 in Conjurations
 47035 | Vaults:4 | Reached skill level 12 in Hexes
 47035 | Vaults:4 | Reached skill level 12 in Charms
 47035 | Vaults:4 | Reached skill level 12 in Summonings
 47035 | Vaults:4 | Reached skill level 12 in Necromancy
 47035 | Vaults:4 | Reached skill level 12 in Translocations
 47035 | Vaults:4 | Reached skill level 12 in Transmutations
 47035 | Vaults:4 | Reached skill level 12 in Fire Magic
 47035 | Vaults:4 | Reached skill level 12 in Ice Magic
 47035 | Vaults:4 | Reached skill level 12 in Air Magic
 47035 | Vaults:4 | Reached skill level 12 in Earth Magic
 47035 | Vaults:4 | Reached skill level 12 in Poison Magic
 47332 | Vaults:4 | Found Cuhiun's Armour Emporium.
 47464 | Vaults:4 | Received a gift from Okawaru
 47512 | Vaults:4 | Reached skill level 14 in Long Blades
 47512 | Vaults:4 | Reached skill level 14 in Axes
 47512 | Vaults:4 | Reached skill level 14 in Maces & Flails
 47512 | Vaults:4 | Reached skill level 14 in Polearms
 47512 | Vaults:4 | Reached skill level 14 in Staves
 47512 | Vaults:4 | Reached skill level 14 in Slings
 47512 | Vaults:4 | Reached skill level 14 in Crossbows
 47512 | Vaults:4 | Reached skill level 14 in Throwing
 47512 | Vaults:4 | Reached skill level 14 in Shields
 47512 | Vaults:4 | Reached skill level 14 in Unarmed Combat
 47512 | Vaults:4 | Reached skill level 14 in Spellcasting
 47517 | Vaults:4 | Received a gift from Okawaru
 47652 | Vaults:4 | Found Gozag's Antique Armour Boutique.
 47656 | Vaults:4 | Found an opulent altar of Gozag.
 47690 | Vaults:4 | Received a gift from Okawaru
 47704 | Vaults:4 | Found Gozag's Assorted Antiques.
 47716 | Vaults:4 | Found Gozag's Antique Weapon Shop.
 47864 | Vaults:4 | Noticed Mennas
 47899 | Vaults:4 | Killed Mennas
 47899 | Vaults:4 | Received a gift from Okawaru
 48359 | Vaults:4 | Reached XP level 22. HP: 167/173 MP: 37/40
 48447 | Vaults:4 | Got a distressingly furry scale mail
 48466 | Vaults:4 | Identified the +6 scale mail "Waklopt" {Int+4} (You found it on level 4 of the Vaults)
 48604 | Vaults:4 | Bought a +0 large shield of cold resistance for 161 gold pieces
 48628 | Vaults:5 | Entered Level 5 of the Vaults
 48630 | Vaults:5 | Noticed Bai Suzhen
 48645 | Vaults:4 | Received a gift from Okawaru
 49049 | Vaults:4 | Killed Bai Suzhen
 49153 | Vaults:5 | Noticed a golden dragon
 49170 | Vaults:5 | Killed a golden dragon
 49319 | Vaults:5 | Noticed a golden dragon
 49321 | Vaults:5 | Reached skill level 15 in Fighting
 49365 | Vaults:5 | Killed a golden dragon
 49392 | Vaults:5 | Received a gift from Okawaru
 49906 | Vaults:5 | Received a gift from Okawaru
 49948 | Vaults:5 | Found Mics's Magic Scroll Shoppe.
 49952 | Vaults:5 | Received a gift from Okawaru
 49985 | Vaults:5 | Got a silver rune of Zot
 49989 | Vaults:5 | Bought a scroll of enchant armour for 150 gold pieces
 50095 | Vaults:5 | Reached XP level 23. HP: 154/181 MP: 30/41
 50371 | Vaults:5 | Noticed an ancient lich
 50535 | Vaults:5 | Noticed a golden dragon
 50560 | Vaults:5 | Received a gift from Okawaru
 50560 | Vaults:5 | Reached skill level 15 in Short Blades
 50560 | Vaults:5 | Reached skill level 15 in Bows
 50560 | Vaults:5 | Reached skill level 15 in Dodging
 50560 | Vaults:5 | Reached skill level 15 in Evocations
 50573 | Vaults:5 | Killed a golden dragon
 50580 | Vaults:5 | Reached skill level 15 in Stealth
 50656 | Vaults:5 | Reached skill level 16 in Invocations
 50781 | Vaults:5 | Found Haruurph Pina's Antique Armour Shoppe.
 50819 | Vaults:5 | Found Feogohim's Antique Armour Shop.
 50929 | Vaults:5 | Noticed a golden dragon
 50937 | Vaults:5 | Killed a golden dragon
 50937 | Vaults:5 | Received a gift from Okawaru
 51134 | Vaults:5 | Found Yconigeo's Magic Scroll Shoppe.
 51146 | Vaults:5 | Found Umit's Food Boutique.
 51197 | Vaults:5 | Found Madakkim's Food Emporium.
 51269 | Vaults:5 | Killed an ancient lich
 51269 | Vaults:5 | Reached skill level 16 in Armour
 51803 | Depths:1 | Entered Level 1 of the Depths
 51816 | Depths:1 | Found a gateway to a ziggurat.
 51833 | Depths:1 | Reached skill level 15 in Long Blades
 51833 | Depths:1 | Reached skill level 15 in Axes
 51833 | Depths:1 | Reached skill level 15 in Maces & Flails
 51833 | Depths:1 | Reached skill level 15 in Polearms
 51833 | Depths:1 | Reached skill level 15 in Staves
 51833 | Depths:1 | Reached skill level 15 in Slings
 51833 | Depths:1 | Reached skill level 15 in Crossbows
 51833 | Depths:1 | Reached skill level 15 in Throwing
 51833 | Depths:1 | Reached skill level 15 in Shields
 51833 | Depths:1 | Reached skill level 15 in Unarmed Combat
 51833 | Depths:1 | Reached skill level 15 in Spellcasting
 51900 | Depths:1 | Found a gateway to Hell.
 51992 | Depths:1 | Learned a level 3 spell: Vampiric Draining
 51998 | Depths:1 | Learned a level 5 spell: Silence
 52013 | Depths:1 | Found a flickering gateway to a bazaar.
 52019 | Bazaar   | Entered a bazaar
 52023 | Bazaar   | Found Naem's Book Boutique.
 52042 | Bazaar   | Found Kuelonen's Antique Armour Emporium.
 52059 | Bazaar   | Found Doemor's Book Boutique.
 52077 | Bazaar   | Found Ifut Tosk's Antique Weapon Shoppe.
 52372 | Depths:1 | Received a gift from Okawaru
 52376 | Depths:1 | Reached skill level 13 in Conjurations
 52376 | Depths:1 | Reached skill level 13 in Hexes
 52376 | Depths:1 | Reached skill level 13 in Charms
 52376 | Depths:1 | Reached skill level 13 in Summonings
 52376 | Depths:1 | Reached skill level 13 in Necromancy
 52376 | Depths:1 | Reached skill level 13 in Translocations
 52376 | Depths:1 | Reached skill level 13 in Transmutations
 52376 | Depths:1 | Reached skill level 13 in Fire Magic
 52376 | Depths:1 | Reached skill level 13 in Ice Magic
 52376 | Depths:1 | Reached skill level 13 in Air Magic
 52376 | Depths:1 | Reached skill level 13 in Earth Magic
 52376 | Depths:1 | Reached skill level 13 in Poison Magic
 52568 | Depths:1 | Received a gift from Okawaru
 52613 | Depths:1 | Got a pearl-encrusted chain mail
 52878 | Depths:1 | Received a gift from Okawaru
 52938 | Depths:1 | Received a gift from Okawaru
 53413 | Depths:1 | Received a gift from Okawaru
 53539 | Depths:1 | Identified the +5 chain mail of Lugonu's Favour {rF+ Int-3 SInv} (You took it off a tengu warrior on level 1 of the Depths)
 53557 | Depths:2 | Found Baecleoq's Magic Scroll Shop.
 53568 | Depths:2 | Bought a scroll of enchant armour for 90 gold pieces
 53568 | Depths:2 | Bought a scroll of enchant armour for 90 gold pieces
 53606 | Depths:2 | Reached XP level 24. HP: 185/190 MP: 41/42
 53641 | Depths:2 | Found a deep blue altar of Sif Muna.
 53711 | Depths:2 | Found Gofusat's Specialty Armours.
 53830 | Depths:2 | Received a gift from Okawaru
 53833 | Depths:2 | Got an encrusted scale mail {god gift}
 53834 | Depths:2 | Identified the +1 scale mail "Laesazuv" {Int+4} (Okawaru gifted it to you on level 2 of the Depths)
 54126 | Depths:2 | Found Ygonofonyw's Armour Shoppe.
 54141 | Depths:2 | Noticed a caustic shrike
 54143 | Depths:2 | Noticed a caustic shrike
 54144 | Depths:2 | Noticed a caustic shrike
 54155 | Depths:2 | Noticed a caustic shrike
 54167 | Depths:2 | Killed a caustic shrike
 54180 | Depths:2 | Killed a caustic shrike
 54187 | Depths:2 | Killed a caustic shrike
 54189 | Depths:2 | Killed a caustic shrike
 54271 | Depths:2 | Reached skill level 16 in Fighting
 54303 | Depths:2 | Found a one-way gate to the infinite horrors of the Abyss.
 54816 | Depths:2 | Found Ijuoq's Incredible Inventory.
 54916 | Depths:2 | Found Inevvyca's Assorted Antiques.
 54920 | Depths:2 | Bought a potion of might for 128 gold pieces
 54920 | Depths:2 | Bought a potion of brilliance for 128 gold pieces
 55113 | Depths:2 | Received a gift from Okawaru
 55356 | Depths:2 | Received a gift from Okawaru
 55719 | Depths:2 | Received a gift from Okawaru
 55764 | Depths:2 | Paralysed by a floating eye for 4 turns
 55800 | Depths:2 | Reached skill level 17 in Invocations
 55888 | Depths:2 | Received a gift from Okawaru
 55893 | Depths:2 | Identified the Disquisition on the Virous Mountains
 56025 | Depths:3 | Found Unwib's General Store.
 56112 | Depths:3 | Received a gift from Okawaru
 56115 | Depths:3 | Reached skill level 16 in Short Blades
 56115 | Depths:3 | Reached skill level 16 in Bows
 56115 | Depths:3 | Reached skill level 16 in Dodging
 56115 | Depths:3 | Reached skill level 16 in Evocations
 56118 | Depths:3 | Reached XP level 25. HP: 162/197 MP: 40/42
 56403 | Depths:3 | Noticed Jory
 56414 | Depths:3 | Killed Jory
 56414 | Depths:3 | Reached skill level 16 in Stealth
 56597 | Depths:3 | Noticed Mara
 56624 | Depths:3 | Noticed mhoghedin's illusion
 56750 | Depths:3 | Found a one-way gate leading to the halls of Pandemonium.
 56840 | Depths:3 | Noticed mhoghedin's illusion
 56857 | Depths:3 | Killed Mara
 56857 | Depths:3 | Received a gift from Okawaru
 56924 | Depths:3 | Found an iron altar of Okawaru.
 57031 | Depths:3 | Reached skill level 16 in Long Blades
 57031 | Depths:3 | Reached skill level 16 in Axes
 57031 | Depths:3 | Reached skill level 16 in Maces & Flails
 57031 | Depths:3 | Reached skill level 16 in Polearms
 57031 | Depths:3 | Reached skill level 16 in Staves
 57031 | Depths:3 | Reached skill level 16 in Slings
 57031 | Depths:3 | Reached skill level 16 in Crossbows
 57031 | Depths:3 | Reached skill level 16 in Throwing
 57031 | Depths:3 | Reached skill level 16 in Shields
 57031 | Depths:3 | Reached skill level 16 in Unarmed Combat
 57031 | Depths:3 | Reached skill level 16 in Spellcasting
 57066 | Depths:3 | Found the +8 storm bow {elec}
 57214 | Depths:3 | Got a pair of steaming gloves
 57225 | Depths:3 | Identified the cursed -3 pair of gloves of the Journeyman {+Fly rF++ rCorr Str-5} (You found it on level 3 of the Depths)
 57349 | Depths:3 | Reached skill level 17 in Armour
 57828 | Depths:4 | Noticed Louise
 57837 | Depths:4 | Killed Louise
 57866 | Depths:4 | Noticed Jorgrun
 57879 | Depths:4 | Killed Jorgrun
 58568 | Depths:4 | Received a gift from Okawaru
 58663 | Depths:4 | Reached skill level 14 in Conjurations
 58663 | Depths:4 | Reached skill level 14 in Hexes
 58663 | Depths:4 | Reached skill level 14 in Charms
 58663 | Depths:4 | Reached skill level 14 in Summonings
 58663 | Depths:4 | Reached skill level 14 in Necromancy
 58663 | Depths:4 | Reached skill level 14 in Translocations
 58663 | Depths:4 | Reached skill level 14 in Transmutations
 58663 | Depths:4 | Reached skill level 14 in Fire Magic
 58663 | Depths:4 | Reached skill level 14 in Ice Magic
 58663 | Depths:4 | Reached skill level 14 in Air Magic
 58663 | Depths:4 | Reached skill level 14 in Earth Magic
 58663 | Depths:4 | Reached skill level 14 in Poison Magic
 58756 | Depths:4 | Received a gift from Okawaru
 59299 | Depths:4 | Received a gift from Okawaru
 59302 | Depths:4 | Got a tattered robe {god gift}
 59307 | Depths:4 | Identified the +0 robe of the Maze {+Blink rF- rC+ Int+2} (Okawaru gifted it to you on level 4 of the Depths)
 59309 | Depths:4 | Got a spiked ring mail
 59310 | Depths:4 | Identified the cursed +0 ring mail of Gluttony {Int+5} (You found it on level 4 of the Depths)
 59426 | Depths:5 | Entered Level 5 of the Depths
 59533 | Depths:5 | Reached XP level 26. HP: 207/207 MP: 43/43
 60032 | Depths:5 | Found a gate to the Realm of Zot.
 60060 | Depths:5 | Reached skill level 17 in Fighting
 60350 | Depths:5 | Paralysed by a floating eye for 4 turns
 60389 | Depths:5 | Learned a level 6 spell: Deflect Missiles
 60404 | Depths:5 | Found Caontuv's Armour Emporium.
 60567 | Depths:5 | Noticed a juggernaut
 60586 | Depths:5 | Killed a juggernaut
 60603 | Depths:5 | Received a gift from Okawaru
 60614 | Depths:5 | Upgraded the game from 0.22-a0-278-g8f80174 to 0.22-a0-280-g69bf1f3
 60718 | Depths:5 | Noticed Frederick
 60731 | Depths:5 | Killed Frederick
 60926 | Depths:5 | Reached skill level 18 in Invocations
 60933 | Depths:5 | Received a gift from Okawaru
 61351 | Zot:1    | Entered Level 1 of the Realm of Zot
 61387 | Zot:1    | Received a gift from Okawaru
 61397 | Zot:1    | Reached skill level 17 in Short Blades
 61397 | Zot:1    | Reached skill level 17 in Bows
 61397 | Zot:1    | Reached skill level 17 in Dodging
 61397 | Zot:1    | Reached skill level 17 in Evocations
 61397 | Zot:1    | Reached XP level 27. HP: 185/215 MP: 41/43
 61398 | Zot:1    | Reached skill level 17 in Stealth
 61681 | Zot:1    | Reached skill level 17 in Long Blades
 61681 | Zot:1    | Reached skill level 17 in Axes
 61681 | Zot:1    | Reached skill level 17 in Maces & Flails
 61681 | Zot:1    | Reached skill level 17 in Polearms
 61681 | Zot:1    | Reached skill level 17 in Staves
 61681 | Zot:1    | Reached skill level 17 in Slings
 61681 | Zot:1    | Reached skill level 17 in Crossbows
 61681 | Zot:1    | Reached skill level 17 in Throwing
 61681 | Zot:1    | Reached skill level 17 in Shields
 61681 | Zot:1    | Reached skill level 17 in Unarmed Combat
 61681 | Zot:1    | Reached skill level 17 in Spellcasting
 61684 | Zot:1    | Got a crude chain mail
 61685 | Zot:1    | Identified the +3 chain mail "Ylifips" {rN++ MP-9 Int-5 Stlth+} (You found it on level 1 of the Realm of Zot)
 61732 | Zot:1    | Identified the +7 morningstar of Benevolence {crush, rPois Str+2 Dex+4} (You found it on level 1 of the Realm of Zot)
 62347 | Zot:1    | Reached skill level 18 in Armour
 63001 | Zot:2    | Got a crude scale mail
 63002 | Zot:2    | Identified the +3 scale mail of Laethair {Str+4 Int+4} (You found it on level 2 of the Realm of Zot)
 63711 | Zot:3    | Received a gift from Okawaru
 64140 | Zot:4    | Received a gift from Okawaru
 64205 | Zot:4    | Reached skill level 15 in Conjurations
 64205 | Zot:4    | Reached skill level 15 in Hexes
 64205 | Zot:4    | Reached skill level 15 in Charms
 64205 | Zot:4    | Reached skill level 15 in Summonings
 64205 | Zot:4    | Reached skill level 15 in Necromancy
 64205 | Zot:4    | Reached skill level 15 in Translocations
 64205 | Zot:4    | Reached skill level 15 in Transmutations
 64205 | Zot:4    | Reached skill level 15 in Fire Magic
 64205 | Zot:4    | Reached skill level 15 in Ice Magic
 64205 | Zot:4    | Reached skill level 15 in Air Magic
 64205 | Zot:4    | Reached skill level 15 in Earth Magic
 64205 | Zot:4    | Reached skill level 15 in Poison Magic
 64868 | Zot:4    | Received a gift from Okawaru
 64959 | Zot:4    | Reached skill level 18 in Fighting
 65124 | Zot:3    | Received a gift from Okawaru
 65189 | Zot:3    | Reached skill level 19 in Invocations
 65301 | Zot:3    | Received a gift from Okawaru
 65699 | Zot:3    | Reached skill level 18 in Short Blades
 65699 | Zot:3    | Reached skill level 18 in Bows
 65699 | Zot:3    | Reached skill level 18 in Dodging
 65699 | Zot:3    | Reached skill level 18 in Evocations
 65976 | Zot:3    | Reached skill level 18 in Stealth
 66086 | Zot:5    | Entered Level 5 of the Realm of Zot
 67444 | Zot:5    | Reached skill level 18 in Long Blades
 67444 | Zot:5    | Reached skill level 18 in Axes
 67444 | Zot:5    | Reached skill level 18 in Maces & Flails
 67444 | Zot:5    | Reached skill level 18 in Polearms
 67444 | Zot:5    | Reached skill level 18 in Staves
 67444 | Zot:5    | Reached skill level 18 in Slings
 67444 | Zot:5    | Reached skill level 18 in Crossbows
 67444 | Zot:5    | Reached skill level 18 in Throwing
 67444 | Zot:5    | Reached skill level 18 in Shields
 67444 | Zot:5    | Reached skill level 18 in Unarmed Combat
 67444 | Zot:5    | Reached skill level 18 in Spellcasting
 67469 | Zot:5    | Learned a level 7 spell: Ring of Flames
 67731 | Zot:5    | Noticed an orb of fire
 67741 | Zot:5    | Killed an orb of fire
 67741 | Zot:5    | Received a gift from Okawaru
 67767 | Zot:5    | Noticed an orb of fire
 67768 | Zot:5    | Gained mutation: You are dopey. (Int -2) [an orb of fire]
 67771 | Zot:5    | Gained mutation: Scrolls take you a little longer to read. [an orb of fire]
 67776 | Zot:5    | Gained mutation: You are frail. (-10% HP) [an orb of fire]
 67777 | Zot:5    | Gained mutation: You are weak. (Str -2) [an orb of fire]
 67781 | Zot:5    | Gained mutation: You are very frail. (-20% HP) [an orb of fire]
 67787 | Zot:5    | Gained mutation: You are very weak. (Str -4) [an orb of fire]
 67790 | Zot:5    | Gained mutation: You are agile. (Dex +2) [an orb of fire]
 67791 | Zot:5    | Gained mutation: Scrolls take you longer to read. [an orb of fire]
 67794 | Zot:5    | Gained mutation: Armour fits poorly on your strangely shaped body. [an orb of fire]
 67801 | Zot:5    | Killed an orb of fire
 67805 | Zot:5    | Received a gift from Okawaru
 67827 | Zot:5    | Lost mutation: You are dopey. (Int -2) [potion of mutation]
 67827 | Zot:5    | Lost mutation: You are agile. (Dex +2) [potion of mutation]
 67827 | Zot:5    | Gained mutation: You have sharp toenails. [potion of mutation]
 67827 | Zot:5    | Lost mutation: You are very frail. (-20% HP) [potion of mutation]
 67827 | Zot:5    | Gained mutation: You are agile. (Dex +2) [potion of mutation]
 67828 | Zot:5    | Lost mutation: You have sharp toenails. [potion of mutation]
 67828 | Zot:5    | Lost mutation: You are agile. (Dex +2) [potion of mutation]
 67828 | Zot:5    | Lost mutation: You are very weak. (Str -4) [potion of mutation]
 67828 | Zot:5    | Lost mutation: Armour fits poorly on your strangely shaped body. [potion of mutation]
 67828 | Zot:5    | Lost mutation: You are frail. (-10% HP) [potion of mutation]
 67828 | Zot:5    | Gained mutation: You have a pair of small horns on your head. [potion of mutation]
 67829 | Zot:5    | Lost mutation: You are weak. (Str -2) [potion of mutation]
 67829 | Zot:5    | Lost mutation: Scrolls take you longer to read. [potion of mutation]
 67829 | Zot:5    | Lost mutation: Scrolls take you a little longer to read. [potion of mutation]
 67829 | Zot:5    | Gained mutation: You have a somewhat thin skeletal structure. (Dex +2, Stealth) [potion of mutation]
 67829 | Zot:5    | Gained mutation: You are weak. (Str -2) [potion of mutation]
 67829 | Zot:5    | Gained mutation: You are occasionally teleported next to monsters. [potion of mutation]
 67829 | Zot:5    | Gained mutation: You are surrounded by a mild repulsion field. (EV +2) [potion of mutation]
 67830 | Zot:5    | Lost mutation: You are surrounded by a mild repulsion field. (EV +2) [potion of mutation]
 67830 | Zot:5    | Lost mutation: You are weak. (Str -2) [potion of mutation]
 67830 | Zot:5    | Gained mutation: You expend magic power (3 MP) to strengthen your wands. [potion of mutation]
 67830 | Zot:5    | Gained mutation: Your body sometimes deteriorates upon taking damage. [potion of mutation]
 67830 | Zot:5    | Gained mutation: You are partially covered in iridescent scales. (AC +2) [potion of mutation]
 67831 | Zot:5    | Lost mutation: You are occasionally teleported next to monsters. [potion of mutation]
 67831 | Zot:5    | Lost mutation: You have a somewhat thin skeletal structure. (Dex +2, Stealth) [potion of mutation]
 67831 | Zot:5    | Gained mutation: You have sharp toenails. [potion of mutation]
 67831 | Zot:5    | Gained mutation: Armour fits poorly on your strangely shaped body. [potion of mutation]
 67831 | Zot:5    | Gained mutation: You are partially covered in icy blue scales. (AC +2) [potion of mutation]
 67831 | Zot:5    | Gained mutation: Your muscles are strong. (Str +2) [potion of mutation]
 67879 | Zot:5    | Received a gift from Okawaru
 67940 | Zot:5    | Noticed an ancient lich
 68014 | Zot:5    | Reached skill level 19 in Armour
 68030 | Zot:5    | Killed an orb of fire
 68257 | Zot:5    | Noticed an ancient lich
 68271 | Zot:5    | Killed an ancient lich
 68579 | Zot:5    | Got the Orb of Zot
 68633 | Zot:4    | Gained mutation: You are clumsy. (Dex -2) [a neqoxec]
 68638 | Zot:4    | Gained mutation: Your spells are a little harder to cast, but a little more powerful. [a neqoxec]
 68639 | Zot:4    | Lost mutation: Your muscles are strong. (Str +2) [a neqoxec]
 69155 | D:$      | Escaped with the Orb!

Vault maps used:
D:1:      nicolae_arrival_somewhat_less_tricky_arrival,
          hangedman_feature_mirror, serial_bayou_pond_a,
          minmay_misc_feat_more_columns
D:2:      lightli_temple_of_fire, serial_curves, eino_curves_04, eino_curves_03,
          minmay_randomly_rotated_circles
D:3:      cheibrodos_sewer_entry_bend, bh_walls_and_bars
D:4:      temple_fountains, nicolae_ossuary_entry_plus, first_ration,
          uniq_crazy_yiuf_cottage
D:5:      serial_shops, nicolae_shop_crystal, roderic_batcave
D:6:      kennysheep_little_box, nicolae_overflow_hidden_temple, hex_medium,
          minmay_guarded_unrand_staff_of_olgreb
D:7:      grunt_livestock
D:8:      minitemple, serial_corexii_hall, corexii_hall_statues_i,
          corexii_hall_statues_s, corexii_hall_statues_deadend,
          corexii_hall_statues_t, corexii_hall_statues_l, corexii_hall_statues_t
D:9:      xom_shifter_show, orc_0_dummy, uniq_maurice
D:11:     lair_entry_dummy, hive_lemuel
D:12:     serial_column_ruins, column_ruins_square_medium,
          column_ruins_columns_straight, column_ruins_grid_3,
          column_ruins_open_tiny, spider_trap
D:13:     david_vaults_2, serial_shops, shop, shop,
          hangedman_abyss_or_decor_slice
D:14:     nicolae_twisting_strands, basic_altar, kennysheep_generic_room_2
D:15:     gammafunk_depths_entry_grave, spider_trap, hangedman_decor_slide_cut
Temple:   jpeg_temple_clearing
Lair:1:   lemuel_fruit_tree
Lair:2:   guppyfry_snake_entry_garden, enter_volcano_3, uniq_erica
Lair:3:   minmay_shoals_entry_centaurs, serial_bayou_shore_b,
          grunt_megastairs_3, serial_bayou_shore_b, infiniplex_staircase_pool,
          minmay_lair_oklob_chamber, uniq_rupert
Lair:4:   serial_bayou_shore_b, uniq_nergalle
Lair:5:   kennysheep_basilisk_garden
Lair:6:   guppyfry_lair_end_dragon, wormcave, nicolae_slime_entry_slimehenge,
          special_room
Shoals:2: cheibrodos_shoals_baths, portal_ice_cave_entry_dragon
Shoals:3: serial_shops, nicolae_shop_temple_entry_statues_fountains,
          st_sunken_temple, uniq_polyphemus
Shoals:4: shoals_end_grunt_garden, shoals_ilsuiw_alternative
Snake:1:  nicolae_snake_double_loop
Snake:2:  minmay_shoptagon
Snake:3:  cheibrodos_toxic_ritual, minmay_shop_grove, basic_stair_grate_trap
Snake:4:  johnstein_snake_rune_scales, basic_altar, st_stairs_7,
          serial_bayou_pond_e, hangedman_snake_corridor_cut, uniq_aizul,
          uniq_roxanne, uniq_asterion
Vaults:1: ontoclasm_vaults_ring_square, v_misc_24, v_misc_16, v_rooms_6,
          nicolae_vaults_angled_halls, nicolae_vaults_rhombus_5,
          hangedman_vaults_stretched_pinwheel, hangedman_vaults_slice,
          ontoclasm_vaults_gallery, serial_shops, bzr_firewalk
Vaults:2: vaults_room_fours, v_misc_33, nicolae_vaults_circle_grid_b,
          minmay_crypt_entry_simple_sparse, hangedman_vaults_restitches,
          v_misc_1, v_misc_13, nicolae_vaults_back_hallway, vaults_mumra_lcd,
          hangedman_vaults_nails, nicolae_vaults_mini_display_case,
          ontoclasm_vaults_twist, v_alt_pattern_4,
          nicolae_vaults_little_squares_5, uniq_margery
Vaults:3: nicolae_vaults_network_periphery, vaults_mumra_hex, st_greater_box_2,
          v_misc_2, ontoclasm_vaults_decontamination, ontoclasm_vaults_ligature,
          vaults_dpeg_diagonal, nicolae_vaults_little_squares_3, v_misc_22,
          vaults_dpeg_ring, v_misc_1, vaults_room_fours, uniq_donald
Vaults:4: v_rooms_3, kennysheep_vaults_gozag_temple, v_alt_pattern_2,
          nicolae_vaults_bisected_exclaves, vaults_dpeg_encased_lava,
          grunt_vaults_hallway_long, nicolae_vaults_ninety_degrees,
          hangedman_vaults_stretched_pinwheel, v_misc_2, v_misc_12,
          vaults_dpeg_spiral, serial_shops, shop, uniq_mennas
Vaults:5: serial_shops, uniq_bai_suzhen
Depths:1: minmay_the_grid_4x2, enter_ziggurat_f, minmay_misc_feat_roman,
          serial_shops, bzr_entry_safe, hell_entry, nooodl_orcs_dogs
Depths:2: grunt_twisty_corner, hell_entry, serial_shops, shop, shop_statue,
          shop_statue, lemuel_crystal_altar, abyss_entry, st_stairs_3,
          nicolae_alphabet_shops, serial_sigils_hangedman_gnaw,
          minmay_misc_feat_diagonals, nicolae_barding_shop
Depths:3: evilmike_iron_armoury, serial_shops, shop_statue,
          grunt_hell_entry_dis_old, rand_demon_pan_entry_5,
          kennysheep_cluttered_room, uniq_mara, uniq_jory
Depths:4: minmay_box_of_curves, hell_entry, pan_entry, serial_co_window_serial,
          co_window_paths_a, co_window_paths_b, co_window_paths_a,
          co_window_paths_a, co_window_paths_b, co_window_2corner,
          co_window_broadway_c, co_window_unsneaky_path_c, glass_columns_c,
          minmay_misc_feat_square, nicolae_abyss_entry_one_way_or_another,
          uniq_jorgrun
Depths:5: grunt_zot_entry_tricorne, grunt_decor_clamped, hell_entry,
          serial_shops, shop, rand_demon_pan_entry_7, uniq_frederick
Zot:1:    infiniplex_zot_generator, grunt_megastairs_2
Zot:3:    grunt_ministairs_3, kennysheep_underground_church, lemuel_elevator
Zot:4:    nicolae_moth_party
Zot:5:    nrook_zot_tub
Bazaar:   bazaar_minmay_cross, bazaar_jpeg_circle_common
Sewer:    kennysheep_pipe_town
Ossuary:  ossuary_tomb_2
IceCv:    ice_cave_statue_garden_chambered
Volcano:  volcano_village

Skill      XL: |  1  2  3  4  5  6  7  8  9 10 11 12 13 14 15 16 17 18 19 20 21 22 23 24 25 26 27 |
---------------+----------------------------------------------------------------------------------+-----
Invocations    | 1 2 3 4 5 6 7 8 9 10 11 12 13 14 15 16 17 18 19 | 19.7
Long Blades    | 1 2 3 4 5 6 7 8 9 10 11 12 13 14 15 16 18 | 18.3
Axes           | 1 2 3 4 5 6 7 8 9 10 11 12 13 14 15 16 18 | 18.3
Maces & Flails | 1 2 3 4 5 6 7 8 9 10 11 12 13 14 15 16 18 | 18.3
Polearms       | 1 2 3 4 5 6 7 8 9 10 11 12 13 14 15 16 18 | 18.3
Staves         | 1 2 3 4 5 6 7 8 9 10 11 12 13 14 15 16 18 | 18.3
Slings         | 1 2 3 4 5 6 7 8 9 10 11 12 13 14 15 16 18 | 18.3
Crossbows      | 1 2 3 4 5 6 7 8 9 10 11 12 13 14 15 16 18 | 18.3
Throwing       | 1 2 3 4 5 6 7 8 9 10 11 12 13 14 15 16 18 | 18.3
Shields        | 1 2 3 4 5 6 7 8 9 10 11 12 13 14 15 16 18 | 18.3
Unarmed Combat | 1 2 3 4 5 6 7 8 9 10 11 12 13 14 15 16 18 | 18.3
Spellcasting   | 1 2 3 4 5 6 7 8 9 10 11 12 13 14 15 16 18 | 18.3
Conjurations   | 1 2 3 4 5 6 7 8 9 10 11 12 13 14 15 | 15.8
Hexes          | 1 2 3 4 5 6 7 8 9 10 11 12 13 14 15 | 15.8
Charms         | 1 2 3 4 5 6 7 8 9 10 11 12 13 14 15 | 15.8
Summonings     | 1 2 3 4 5 6 7 8 9 10 11 12 13 14 15 | 15.8
Necromancy     | 1 2 3 4 5 6 7 8 9 10 11 12 13 14 15 | 15.8
Translocations | 1 2 3 4 5 6 7 8 9 10 11 12 13 14 15 | 15.8
Transmutations | 1 2 3 4 5 6 7 8 9 10 11 12 13 14 15 | 15.8
Fire Magic     | 1 2 3 4 5 6 7 8 9 10 11 12 13 14 15 | 15.8
Ice Magic      | 1 2 3 4 5 6 7 8 9 10 11 12 13 14 15 | 15.8
Air Magic      | 1 2 3 4 5 6 7 8 9 10 11 12 13 14 15 | 15.8
Earth Magic    | 1 2 3 4 5 6 7 8 9 10 11 12 13 14 15 | 15.8
Poison Magic   | 1 2 3 4 5 6 7 8 9 10 11 12 13 14 15 | 15.8
Short Blades   | 3 4 5 6 7 8 9 10 11 12 13 14 15 16 17 18 | 18.5
Bows           | 3 4 5 6 7 8 9 10 11 12 13 14 15 16 17 18 | 18.5
Dodging        | 3 4 5 6 7 8 9 10 11 12 13 14 15 16 17 18 | 18.5
Evocations     | 3 4 5 6 7 8 9 10 11 12 13 14 15 16 17 18 | 18.5
Stealth        | 3 4 5 6 7 8 9 10 11 12 13 14 15 16 18 | 18.4
Fighting       | 5 6 7 8 9 10 11 12 13 14 15 16 17 18 | 18.7
Armour         | 7 8 9 10 11 12 13 14 15 16 17 19 | 19.1

Action                   |  1- 3 |  4- 6 |  7- 9 | 10-12 | 13-15 | 16-18 | 19-21 | 22-24 | 25-27 || total
-------------------------+-------+-------+-------+-------+-------+-------+-------+-------+-------++-------
Melee: Hand axe          |       |     7 |    99 |       |       |       |       |       |       ||   106
       Quarterstaff      |       |       |    76 |       |       |       |       |       |       ||    76
       Bite              |       |       |    29 |   109 |   314 |   235 |   385 |   392 |   531 ||  1995
       Punch             |       |       |     4 |    33 |   104 |    30 |       |       |       ||   171
       Staff             |       |       |    37 |   544 |  1270 |   210 |   394 |    41 |    58 ||  2554
       Lajatang          |       |       |       |       |       |   627 |   313 |     3 |       ||   943
       Double sword      |       |       |       |       |       |       |   428 |       |       ||   428
       Demon blade       |       |       |       |       |       |       |   177 |       |       ||   177
       Morningstar       |       |       |       |       |       |       |    78 |  1342 |  1942 ||  3362
       Trishula          |       |       |       |       |       |       |       |    79 |    71 ||   150
       Headbutt          |       |       |       |       |       |       |       |       |    68 ||    68
 Fire: Shortbow          |    94 |   160 |   330 |       |    58 |       |       |       |       ||   642
       Blowgun           |       |    11 |     2 |       |       |       |       |       |       ||    13
       Arbalest          |       |       |       |       |   105 |   103 |       |       |       ||   208
       Triple crossbow   |       |       |       |       |       |   403 |       |       |       ||   403
Throw: Javelin           |       |       |     4 |    17 |    12 |       |       |    88 |   131 ||   252
       Tomahawk          |       |       |       |       |       |       |       |       |    12 ||    12
 Cast: Mephitic Cloud    |       |       |     5 |     7 |       |       |     3 |     1 |       ||    16
       Call Imp          |       |       |     4 |       |       |       |       |       |       ||     4
       Blink             |       |       |       |     5 |       |     4 |       |     3 |     4 ||    16
       Regeneration      |       |       |       |       |       |    16 |    32 |    23 |    12 ||    83
       Shroud of Golubri |       |       |       |       |       |     9 |    21 |     6 |     7 ||    43
       Summon Mana Viper |       |       |       |       |       |     4 |     6 |       |       ||    10
       Swiftness         |       |       |       |       |       |     2 |       |       |       ||     2
       Dispersal         |       |       |       |       |       |     2 |     1 |       |     5 ||     8
       Song of Slaying   |       |       |       |       |       |     1 |    12 |     1 |       ||    14
       Lesser Beckoning  |       |       |       |       |       |     1 |       |       |       ||     1
       Summon Butterflie |       |       |       |       |       |       |     3 |     3 |       ||     6
       Ignite Poison     |       |       |       |       |       |       |    11 |     3 |     8 ||    22
       Summon Lightning  |       |       |       |       |       |       |     3 |     6 |     3 ||    12
       Aura of Abjuratio |       |       |       |       |       |       |       |     8 |     9 ||    17
       Silence           |       |       |       |       |       |       |       |     1 |     1 ||     2
       Deflect Missiles  |       |       |       |       |       |       |       |       |     7 ||     7
       Vampiric Draining |       |       |       |       |       |       |       |       |     2 ||     2
       Ring of Flames    |       |       |       |       |       |       |       |       |     2 ||     2
Invok: Heroism           |       |       |     2 |       |    10 |    18 |    17 |    28 |    30 ||   105
       Finesse           |       |       |       |       |     7 |     4 |     5 |    11 |     5 ||    32
Evoke: Wand              |       |       |    11 |    23 |    31 |    10 |    19 |    12 |    15 ||   121
       Staff of Olgreb   |       |       |     6 |    26 |    38 |     2 |    35 |     5 |    16 ||   128
       Lamp of fire      |       |       |       |     2 |     3 |     2 |     7 |     3 |    11 ||    28
       Sack of spiders   |       |       |       |     1 |       |     1 |       |       |       ||     2
       Box of beasts     |       |       |       |       |     1 |       |     1 |       |     1 ||     3
       Phial of floods   |       |       |       |       |       |       |     1 |     5 |     7 ||    13
       Fan of gales      |       |       |       |       |       |       |       |     1 |     1 ||     2
  Use: Scroll            |       |       |    13 |     7 |    17 |    21 |     8 |    17 |    24 ||   107
       Potion            |       |       |    14 |       |     4 |     9 |     3 |     8 |    13 ||    51
 Stab: Petrifying        |       |       |     1 |       |       |     1 |       |       |       ||     2
       Sleeping          |       |       |     1 |    16 |    11 |     8 |     3 |       |       ||    39
       Confused          |       |       |     1 |     1 |     1 |       |     1 |       |       ||     4
       Distracted        |       |       |     1 |       |     2 |     2 |     8 |     1 |     3 ||    17
       Petrified         |       |       |       |       |       |     7 |       |       |       ||     7
       Paralysed         |       |       |       |       |       |       |     3 |       |       ||     3
  Eat: Chunk             |       |     3 |     3 |    11 |     9 |     7 |    11 |     6 |     6 ||    56
       Ration            |       |     1 |     4 |     6 |    10 |    12 |    10 |     7 |    14 ||    64
Armor: Robe              |     4 |     8 |    79 |    95 |       |       |       |       |       ||   186
       Skin              |       |       |    26 |       |       |       |       |       |       ||    26
       Plate armour      |       |       |       |    54 |   429 |       |    71 |       |       ||   554
       Scale mail        |       |       |       |       |   126 |   387 |    71 |       |       ||   584
       Chain mail        |       |       |       |       |       |       |   102 |       |       ||   102
       Crystal plate arm |       |       |       |       |       |       |   202 |   416 |   551 ||  1169
Dodge: Dodged            |    17 |    57 |   346 |   389 |   847 |  1188 |   786 |   530 |   767 ||  4927
       Deflected         |       |       |       |       |       |       |       |       |    64 ||    64
Block: Shield            |       |       |       |    22 |       |       |   820 |       |       ||   842
       Reflection        |       |       |       |       |       |       |    13 |       |       ||    13
       Large shield      |       |       |       |       |       |       |       |  1428 |  1827 ||  3255
       Rpst.: Staff      |       |       |       |   107 |   205 |    33 |    34 |     4 |     3 ||   386
       Shortbow          |       |       |       |       |     3 |       |       |       |       ||     3
       Arbalest          |       |       |       |       |    10 |    16 |       |       |       ||    26
       Lajatang          |       |       |       |       |       |   105 |    41 |     1 |       ||   147
       Triple crossbow   |       |       |       |       |       |    46 |       |       |       ||    46
       Double sword      |       |       |       |       |       |       |   105 |       |       ||   105
       Demon blade       |       |       |       |       |       |       |    18 |       |       ||    18
       Morningstar       |       |       |       |       |       |       |    10 |    83 |   103 ||   196
       Trishula          |       |       |       |       |       |       |       |     4 |     2 ||     6

Table legend:
 A = Spawn XP
 B = Non-spawn XP
 C = Spawn XP percentage of total XP
 D = Spawn monster count
 E = Non-spawn monster count
 F = Spawn count percentage of total count
 G = Total turns spent on level
                    A         B        C        D         E        F      G
               +---------+---------+-------+---------+---------+-------+---------
         Total |       0 | 1613098 |   0.0 |       0 |    2247 |   0.0 | 69155
               +---------+---------+-------+---------+---------+-------+---------
           D:1 |       0 |      45 |   0.0 |       0 |      16 |   0.0 |   795
           D:2 |       0 |      73 |   0.0 |       0 |      31 |   0.0 |  1094
           D:3 |       0 |     234 |   0.0 |       0 |      27 |   0.0 |  1127
           D:4 |       0 |     401 |   0.0 |       0 |      25 |   0.0 |  1450
           D:5 |       0 |     193 |   0.0 |       0 |      19 |   0.0 |   678
           D:6 |       0 |    2264 |   0.0 |       0 |      35 |   0.0 |  1576
           D:7 |       0 |    2349 |   0.0 |       0 |      39 |   0.0 |  1167
           D:8 |       0 |    1419 |   0.0 |       0 |      15 |   0.0 |  1235
           D:9 |       0 |    2664 |   0.0 |       0 |      34 |   0.0 |  1460
          D:10 |       0 |     896 |   0.0 |       0 |      11 |   0.0 |   921
          D:11 |       0 |    6403 |   0.0 |       0 |      51 |   0.0 |  1745
          D:12 |       0 |    6717 |   0.0 |       0 |      45 |   0.0 |  1227
          D:13 |       0 |    6726 |   0.0 |       0 |      11 |   0.0 |  1216
          D:14 |       0 |    4870 |   0.0 |       0 |      21 |   0.0 |  1600
          D:15 |       0 |   27529 |   0.0 |       0 |      75 |   0.0 |  2123
        Lair:1 |       0 |    2528 |   0.0 |       0 |      11 |   0.0 |  1450
        Lair:2 |       0 |    3526 |   0.0 |       0 |      15 |   0.0 |  1410
        Lair:3 |       0 |   10241 |   0.0 |       0 |      35 |   0.0 |  1509
        Lair:4 |       0 |    4699 |   0.0 |       0 |      14 |   0.0 |   913
        Lair:5 |       0 |    5406 |   0.0 |       0 |      19 |   0.0 |  1589
        Lair:6 |       0 |   39490 |   0.0 |       0 |     118 |   0.0 |  2592
      Shoals:1 |       0 |   11252 |   0.0 |       0 |      24 |   0.0 |   810
      Shoals:2 |       0 |   18967 |   0.0 |       0 |      38 |   0.0 |  1131
      Shoals:3 |       0 |   39864 |   0.0 |       0 |      65 |   0.0 |  2195
      Shoals:4 |       0 |   34034 |   0.0 |       0 |      64 |   0.0 |   579
       Snake:1 |       0 |   11241 |   0.0 |       0 |      20 |   0.0 |   760
       Snake:2 |       0 |   13351 |   0.0 |       0 |      22 |   0.0 |   811
       Snake:3 |       0 |   21521 |   0.0 |       0 |      42 |   0.0 |  2428
       Snake:4 |       0 |   62530 |   0.0 |       0 |     101 |   0.0 |  1885
      Vaults:1 |       0 |   33258 |   0.0 |       0 |      59 |   0.0 |  1391
      Vaults:2 |       0 |   50245 |   0.0 |       0 |      71 |   0.0 |  1759
      Vaults:3 |       0 |  105165 |   0.0 |       0 |     132 |   0.0 |  2634
      Vaults:4 |       0 |   90513 |   0.0 |       0 |     101 |   0.0 |  2626
      Vaults:5 |       0 |  137482 |   0.0 |       0 |     103 |   0.0 |  2247
      Depths:1 |       0 |   58231 |   0.0 |       0 |      68 |   0.0 |  1708
      Depths:2 |       0 |  132088 |   0.0 |       0 |     120 |   0.0 |  2643
      Depths:3 |       0 |   62226 |   0.0 |       0 |      65 |   0.0 |  1582
      Depths:4 |       0 |   73059 |   0.0 |       0 |      67 |   0.0 |  1806
      Depths:5 |       0 |   99283 |   0.0 |       0 |     101 |   0.0 |  2028
         Zot:1 |       0 |   62472 |   0.0 |       0 |      42 |   0.0 |  1640
         Zot:2 |       0 |   28141 |   0.0 |       0 |      19 |   0.0 |  1003
         Zot:3 |       0 |   95000 |   0.0 |       0 |      63 |   0.0 |  1134
         Zot:4 |       0 |   85232 |   0.0 |       0 |      53 |   0.0 |  1137
         Zot:5 |       0 |  147275 |   0.0 |       0 |      60 |   0.0 |  1716
         Sewer |       0 |     319 |   0.0 |       0 |      24 |   0.0 |   646
       Ossuary |       0 |     192 |   0.0 |       0 |      25 |   0.0 |   408
         IceCv |       0 |    7863 |   0.0 |       0 |      22 |   0.0 |   831
       Volcano |       0 |    3621 |   0.0 |       0 |       9 |   0.0 |   367
               +---------+---------+-------+---------+---------+-------+---------

Vault maps used:
D:1:      nicolae_arrival_somewhat_less_tricky_arrival,
          hangedman_feature_mirror, serial_bayou_pond_a,
          minmay_misc_feat_more_columns
D:2:      lightli_temple_of_fire, serial_curves, eino_curves_04, eino_curves_03,
          minmay_randomly_rotated_circles
D:3:      cheibrodos_sewer_entry_bend, bh_walls_and_bars
D:4:      temple_fountains, nicolae_ossuary_entry_plus, first_ration,
          uniq_crazy_yiuf_cottage
D:5:      serial_shops, nicolae_shop_crystal, roderic_batcave
D:6:      kennysheep_little_box, nicolae_overflow_hidden_temple, hex_medium,
          minmay_guarded_unrand_staff_of_olgreb
D:7:      grunt_livestock
D:8:      minitemple, serial_corexii_hall, corexii_hall_statues_i,
          corexii_hall_statues_s, corexii_hall_statues_deadend,
          corexii_hall_statues_t, corexii_hall_statues_l, corexii_hall_statues_t
D:9:      xom_shifter_show, orc_0_dummy, uniq_maurice
D:11:     lair_entry_dummy, hive_lemuel
D:12:     serial_column_ruins, column_ruins_square_medium,
          column_ruins_columns_straight, column_ruins_grid_3,
          column_ruins_open_tiny, spider_trap
D:13:     david_vaults_2, serial_shops, shop, shop,
          hangedman_abyss_or_decor_slice
D:14:     nicolae_twisting_strands, basic_altar, kennysheep_generic_room_2
D:15:     gammafunk_depths_entry_grave, spider_trap, hangedman_decor_slide_cut
Temple:   jpeg_temple_clearing
Lair:1:   lemuel_fruit_tree
Lair:2:   guppyfry_snake_entry_garden, enter_volcano_3, uniq_erica
Lair:3:   minmay_shoals_entry_centaurs, serial_bayou_shore_b,
          grunt_megastairs_3, serial_bayou_shore_b, infiniplex_staircase_pool,
          minmay_lair_oklob_chamber, uniq_rupert
Lair:4:   serial_bayou_shore_b, uniq_nergalle
Lair:5:   kennysheep_basilisk_garden
Lair:6:   guppyfry_lair_end_dragon, wormcave, nicolae_slime_entry_slimehenge,
          special_room
Shoals:2: cheibrodos_shoals_baths, portal_ice_cave_entry_dragon
Shoals:3: serial_shops, nicolae_shop_temple_entry_statues_fountains,
          st_sunken_temple, uniq_polyphemus
Shoals:4: shoals_end_grunt_garden, shoals_ilsuiw_alternative
Snake:1:  nicolae_snake_double_loop
Snake:2:  minmay_shoptagon
Snake:3:  cheibrodos_toxic_ritual, minmay_shop_grove, basic_stair_grate_trap
Snake:4:  johnstein_snake_rune_scales, basic_altar, st_stairs_7,
          serial_bayou_pond_e, hangedman_snake_corridor_cut, uniq_aizul,
          uniq_roxanne, uniq_asterion
Vaults:1: ontoclasm_vaults_ring_square, v_misc_24, v_misc_16, v_rooms_6,
          nicolae_vaults_angled_halls, nicolae_vaults_rhombus_5,
          hangedman_vaults_stretched_pinwheel, hangedman_vaults_slice,
          ontoclasm_vaults_gallery, serial_shops, bzr_firewalk
Vaults:2: vaults_room_fours, v_misc_33, nicolae_vaults_circle_grid_b,
          minmay_crypt_entry_simple_sparse, hangedman_vaults_restitches,
          v_misc_1, v_misc_13, nicolae_vaults_back_hallway, vaults_mumra_lcd,
          hangedman_vaults_nails, nicolae_vaults_mini_display_case,
          ontoclasm_vaults_twist, v_alt_pattern_4,
          nicolae_vaults_little_squares_5, uniq_margery
Vaults:3: nicolae_vaults_network_periphery, vaults_mumra_hex, st_greater_box_2,
          v_misc_2, ontoclasm_vaults_decontamination, ontoclasm_vaults_ligature,
          vaults_dpeg_diagonal, nicolae_vaults_little_squares_3, v_misc_22,
          vaults_dpeg_ring, v_misc_1, vaults_room_fours, uniq_donald
Vaults:4: v_rooms_3, kennysheep_vaults_gozag_temple, v_alt_pattern_2,
          nicolae_vaults_bisected_exclaves, vaults_dpeg_encased_lava,
          grunt_vaults_hallway_long, nicolae_vaults_ninety_degrees,
          hangedman_vaults_stretched_pinwheel, v_misc_2, v_misc_12,
          vaults_dpeg_spiral, serial_shops, shop, uniq_mennas
Vaults:5: serial_shops, uniq_bai_suzhen
Depths:1: minmay_the_grid_4x2, enter_ziggurat_f, minmay_misc_feat_roman,
          serial_shops, bzr_entry_safe, hell_entry, nooodl_orcs_dogs
Depths:2: grunt_twisty_corner, hell_entry, serial_shops, shop, shop_statue,
          shop_statue, lemuel_crystal_altar, abyss_entry, st_stairs_3,
          nicolae_alphabet_shops, serial_sigils_hangedman_gnaw,
          minmay_misc_feat_diagonals, nicolae_barding_shop
Depths:3: evilmike_iron_armoury, serial_shops, shop_statue,
          grunt_hell_entry_dis_old, rand_demon_pan_entry_5,
          kennysheep_cluttered_room, uniq_mara, uniq_jory
Depths:4: minmay_box_of_curves, hell_entry, pan_entry, serial_co_window_serial,
          co_window_paths_a, co_window_paths_b, co_window_paths_a,
          co_window_paths_a, co_window_paths_b, co_window_2corner,
          co_window_broadway_c, co_window_unsneaky_path_c, glass_columns_c,
          minmay_misc_feat_square, nicolae_abyss_entry_one_way_or_another,
          uniq_jorgrun
Depths:5: grunt_zot_entry_tricorne, grunt_decor_clamped, hell_entry,
          serial_shops, shop, rand_demon_pan_entry_7, uniq_frederick
Zot:1:    infiniplex_zot_generator, grunt_megastairs_2
Zot:3:    grunt_ministairs_3, kennysheep_underground_church, lemuel_elevator
Zot:4:    nicolae_moth_party
Zot:5:    nrook_zot_tub
Bazaar:   bazaar_minmay_cross, bazaar_jpeg_circle_common
Sewer:    kennysheep_pipe_town
Ossuary:  ossuary_tomb_2
IceCv:    ice_cave_statue_garden_chambered
Volcano:  volcano_village

Table legend:
 A = Turns spent in this place as a percentage of turns spent in the entire game.
 B = Non-inter-level travel turns spent in this place as a percentage of non-inter-level travel turns spent in the entire game.
 C = Inter-level travel turns spent in this place as a percentage of turns spent in this place.
 D = Turns resting spent in this place as a percentage of non-inter-level travel turns spent in this place.
 E = Turns spent auto-exploring this place as a percentage of non-inter-level travel turns spent in this place.
 F = Non-inter-level travel turns spent in this place divided by the number of levels of this place that you've seen.
                   A       B       C       D       E      F
               +-------+-------+-------+-------+-------+----------------------
         Total | 100.0 | 100.0 |   7.5 |  27.0 |  41.8 | 1254.1
       Dungeon |  28.1 |  27.1 |  10.8 |  23.5 |  55.2 | 1154.7
        Temple |   0.2 |   0.2 |   6.0 |   0.0 |  53.2 | 141.0
          Lair |  13.7 |  12.9 |  12.6 |  28.6 |  46.2 | 1377.7
        Shoals |   6.8 |   6.9 |   6.8 |  36.8 |  30.8 | 1099.0
     Snake Pit |   8.5 |   8.9 |   3.4 |  44.0 |  25.7 | 1420.8
        Vaults |  15.4 |  15.9 |   4.4 |  24.8 |  38.6 | 2036.6
        Depths |  14.1 |  14.5 |   5.2 |  18.7 |  44.4 | 1851.4
           Zot |   9.6 |   9.8 |   5.9 |  22.3 |  32.6 | 1247.8
        Bazaar |   0.3 |   0.3 |   0.0 |   0.0 |  39.9 | 111.5
         Sewer |   0.9 |   1.0 |   0.0 |  45.8 |  27.7 | 646.0
       Ossuary |   0.6 |   0.6 |   0.0 |  33.1 |  18.9 | 408.0
      Ice Cave |   1.2 |   1.3 |   0.0 |  56.0 |   2.6 | 831.0
       Volcano |   0.5 |   0.6 |   0.0 |  40.6 |  11.2 | 367.0
               +-------+-------+-------+-------+-------+----------------------

Table legend:
 A = Kills in this place as a percentage of kills in entire the game.
 B = Kills by you in this place as a percentage of kills by you in the entire game.
 C = Kills by friends in this place as a percentage of kills by friends in the entire game.
 D = Other kills in this place as a percentage of other kills in the entire game.
 E = Experience gained in this place as a percentage of experience gained in the entire game.
 F = Experience gained in this place divided by the number of levels of this place that you have seen.
                   A       B       C       D       E      F
               +-------+-------+-------+-------+-------+----------------------
         Total | 100.0 | 100.0 | 100.0 | 100.0 | 100.0 | 31708.0
       Dungeon |  20.3 |  20.7 |   0.0 |  10.5 |   4.1 | 4397.7
          Lair |   9.4 |   9.6 |   0.0 |  10.5 |   4.1 | 10981.7
        Shoals |   8.5 |   8.0 |  37.8 |  10.5 |   6.4 | 26029.2
     Snake Pit |   8.2 |   8.3 |   5.4 |   5.3 |   6.7 | 27160.8
        Vaults |  20.7 |  20.9 |  10.8 |  21.1 |  25.8 | 83332.6
        Depths |  18.7 |  18.9 |  16.2 |  10.5 |  26.3 | 85014.0
           Zot |  10.6 |  10.4 |  16.2 |  21.1 |  25.9 | 83752.4
         Sewer |   1.1 |   1.1 |   0.0 |   0.0 |   0.0 | 319.0
       Ossuary |   1.1 |   0.8 |  13.5 |  10.5 |   0.0 | 192.0
      Ice Cave |   1.0 |   1.0 |   0.0 |   0.0 |   0.5 | 7863.0
       Volcano |   0.4 |   0.4 |   0.0 |   0.0 |   0.2 | 3621.0
               +-------+-------+-------+-------+-------+----------------------
